 Dungeon Crawl Stone Soup version 0.29.0-4-gdea44cf6ec (webtiles) character file.

Game seed: 11725158456189979435

303048 qw the Peltast (level 21, -20/142 HPs)
             Began as a Gargoyle Fighter on Sept 3, 2022.
             Was a High Priest of Okawaru.
             Killed from afar by a salamander mystic (22 damage)
             ... with a bolt of magma
             ... on level 4 of the Snake Pit.
             The game lasted 00:25:29 (41059 turns).

qw the Peltast (Gargoyle Fighter)                  Turns: 41059, Time: 00:25:29

Health: -20/142    AC: 65    Str: 38      XL:     21   Next: 44%
Magic:  26/28      EV: 14    Int: 16 (18) God:    Okawaru [*****.]
Gold:   4524       SH: 29    Dex:  8      Spells: 20/20 levels left

rFire   + + .      SeeInvis +   Y - +9 broad axe (venom)
rCold   + + .      Faith    .   x - +2 tower shield
rNeg    + . .      Spirit   .   z - +9 scales of the Dragon King {rPois rF+ rC+ Will+}
rPois   inf        Reflect  +   v - +3 crown of Dyrovepreva {rElec Int+2 SInv}
rElec   +          Harm     .   n - +2 cloak "Omah" {Str+2}
rCorr   +          Rampage  .   C - +2 pair of gloves {Str+3}
Will    ++...      NoTele   +   w - +2 pair of boots
Stlth   ..........              t - amulet of reflection
HPRegen 0.33/turn               u - ring of Life {rF+ rCorr Str+6 SInv}
MPRegen 0.21/turn               l - +4 ring of evasion

@: heroic, weakened, untranslocatable, flying
A: sickness immunity, AC +16, big wings, negative energy resistance 1,
electricity resistance, torment resistance 1, petrification resistance, beak,
clever 1, cold resistance 1, deterioration 1
}: 1/15 runes: decaying
a: Renounce Religion, Heroism, Finesse, Duel


You were on level 4 of the Snake Pit.
You worshipped Okawaru.
Okawaru was extremely pleased with you.
You visited 7 branches of the dungeon, and saw 35 of its levels.

You collected 6392 gold pieces.
You spent 1868 gold pieces at shops.


Innate Abilities, Weirdness & Mutations

You are immune to sickness and miasma.
Your stone body is resilient. (AC +16)
You are immune to poison.
Your large and strong wings let you fly.
You resist negative energy. (rN+)
You are resistant to electric shocks. (rElec)
You are resistant to unholy torment.
You are immune to petrification.
You have a beak for a mouth.
Your mind is acute. (Int +4, Str/Dex -1)
Your flesh is cold resistant. (rC+)
Your body sometimes deteriorates upon taking damage.


   Skills:
 + Level 18.6(23.6) Fighting
 - Level 18.0(23.0) Axes
 - Level 10.0(15.0) Throwing
 - Level 19.0(24.0) Armour
 - Level 4.0(9.0) Dodging
 - Level 20.0(25.0) Shields
 - Level 10.1 Invocations


You had 20 spell levels left.
You didn't know any spells.
Your spell library was empty.

Inventory:

Hand Weapons
 Y - a +9 broad axe of venom (weapon)
Missiles
 i - 27 boomerangs
 r - 12 javelins
 y - a silver boomerang
 B - 3 silver javelins (quivered)
Armour
 n - the +2 cloak "Omah" (worn) {Str+2}
   (You found it on level 2 of the Vaults)

   Str:       It affects your strength (+2).
 v - the +3 crown of Dyrovepreva (worn) {rElec Int+2 SInv}
   (Okawaru gifted it to you on level 2 of the Orcish Mines)

   Int:       It affects your intelligence (+2).
   rElec:     It insulates you from electricity.
   SInv:      It lets you see invisible.
 w - a +2 pair of boots (worn)
 x - a +2 tower shield (worn)
 z - the +9 scales of the Dragon King (worn) {rPois rF+ rC+ Will+}
   (You took it off a centaur warrior on level 11 of the Dungeon)

   rF:        It protects you from fire.
   rC:        It protects you from cold.
   rPois:     It protects you from poison.
   Will:      It increases your willpower.
 C - a +2 pair of gloves of strength (worn)
Jewellery
 l - a +4 ring of evasion (right hand)
 o - a ring of protection from fire
 p - a +4 ring of slaying {mikee}
 t - an amulet of reflection (around neck)
 u - the ring of Life (left hand) {rF+ rCorr Str+6 SInv}
   (You found it on level 15 of the Dungeon)

   [ring of strength]

   Str:       It affects your strength (+6).
   rF:        It protects you from fire.
   SInv:      It lets you see invisible.
   rCorr:     It protects you from acid and corrosion.
Wands
 s - a wand of digging (19)
Scrolls
 b - 21 scrolls of identify
 g - 7 scrolls of teleportation
 j - 7 scrolls of enchant weapon
Potions
 d - 8 potions of might
 e - 10 potions of curing
 f - 6 potions of magic
 k - a potion of resistance
 m - 4 potions of cancellation
 q - 6 potions of haste
 A - 6 potions of mutation

Dungeon Overview and Level Annotations

Branches:
Dungeon (15/15)            Temple (1/1) D:6            Lair (5/5) D:8
  Swamp (4/4) Lair:3        Snake (4/4) Lair:2        Slime (0/5) Lair:5
    Orc (2/2) D:10            Elf (0/3) Orc:2        Vaults (4/5) D:14
  Crypt (0/3) Vaults:3     Depths (0/4) D:15

Altars:
Ashenzari
Cheibriados
Dithmenos
Elyvilon
Fedhas
Gozag
Hepliaklqana
Kikubaaqudgha
Makhleb
Nemelex Xobeh
Okawaru
Qazlal
Ru
Sif Muna
Trog
Uskayaw
Vehumet
Wu Jian
Xom
Yredelemnul
Zin
The Shining One
Jiyva

Shops:
D:4 ?   D:10 (*   D:12 ?   D:14 ([!([   Orc:2 (:*[   Snake:1 :

Portals:
Trove: Vaults:1 (give 3 potions of resistance)

Annotations:
D:3 1 runed translucent door, Crazy Yiuf
D:10 3 runed translucent doors, qw's ghost, novice TrCA
D:12 2 runed translucent doors
D:14 2 transporters, Laowois's ghost, journeyman MiBe
Lair:2 2 runed translucent doors, qw's ghost, journeyman TrCA
Snake:2 3 runed translucent doors
Orc:2 3 runed translucent doors, qw's ghost, adept TeWr; qw's ghost, journeyman TeWr; qw's ghost, journeyman TrCA
Vaults:4 2 transporters, Getoffmy's ghost, veteran GrFi


Message History

The nagaraja seems to grow toxic.
You block the nagaraja's attack. The nagaraja closely misses you.
The naga warrior hits you from afar with a +0 glaive!!!
Your body deteriorates!
You feel dopey.
The naga sharpshooter spits poison at you.
The splash of poison hits you but does no damage.
You resist.
A salamander mystic comes into view. It is wielding a +0 quarterstaff.
You slash the nagaraja! You peck the nagaraja.
The nagaraja is heavily wounded.
You slash the naga sharpshooter!
The nagaraja no longer looks unusually strong. x2
You block the nagaraja's attack. You block the naga mage's attack.
The nagaraja points at you and mumbles some strange words.
The bolt of poison hits you but does no damage.
You resist. You block the nagaraja's attack.
A naga comes into view. It is wielding a +0 hand axe.
A naga mage comes into view. It is wielding a +0 whip.
The salamander wields a +0 shortbow of flaming.
It bursts into flame!
The salamander shoots an arrow.
The arrow hits you but does no damage.
The naga sharpshooter shoots a bolt.
The bolt hits you!
The naga mage casts a spell at the naga.
The naga seems to grow toxic.
The nagaraja closely misses you. The naga warrior spits poison at you.
The splash of poison hits you but does no damage.
You resist.
You slice the naga warrior!!
You kill the naga warrior!
Okawaru accepts your kill. Okawaru grants you throwing weapons!
Something appears at your feet!
You hit the nagaraja. You hit the naga sharpshooter.
The nagaraja no longer looks unusually strong.
The naga mage no longer looks unusually strong.
You block the naga mage's attack. x2
The nagaraja points at you and mumbles some strange words.
You resist with some effort.
The salamander mystic points at you and mumbles some strange words.
The bolt of magma hits you!! You partially resist.
You die...

###...##...####
#.............#
#.....?.......#
#.............#
#....#..$..#).#
#.............#
##..#.....^..##
##..NN}....##
#N@)......#
#NN))#N.N.....


...N.NNNNN#NN.N..N .......NN.....#... ..........N...N... ................
......#......... .............. You could see 3 nagarajas, 3 naga warriors, 3
naga sharpshooters, 2 salamander mystics, a salamander (strong), a naga
ritualist (strong), 5 naga magi and a naga (strong, curare).

Vanquished Creatures
  the Lernaean hydra (Swamp:4)
  Saint Roka (Snake:3)
  Rupert (D:15)
  Jorgrun (Snake:3)
  A tentacled monstrosity (Swamp:4)
  Mlioglotl (Snake:2)
  A titan (Vaults:4)
  Frances (Snake:1)
  3 thorn hunters
  A sphinx (Vaults:3)
  Kirke (Swamp:4)
  Roxanne (Swamp:4)
  2 tengu reavers
  5 nagarajas
  4 fire giants
  2 frost giants
  An orc warlord (Orc:1)
  10 vault wardens
  3 war gargoyles
  Aizul (Snake:1)
  A stone giant (Vaults:1)
  Nessos (D:13)
  3 very ugly things
  17 ironbound preservers
  A deep elf demonologist (Vaults:1)
  6 ironbound thunderhulks
  2 entropy weavers
  A vampire knight (Vaults:1)
  An eleionoma (Swamp:4)
  17 dire elephants
  3 bunyips
  Snorg (Orc:2)
  Josephine (Lair:4)
  A fire dragon (shapeshifter) (Vaults:1)
  12 yaktaur captains
  2 ettins
  2 deep elf death magi (Vaults:1)
  4 crystal guardians
  A deep elf high priest (Vaults:1)
  5 great orbs of eyes
  An ice dragon (D:11)
  4 ogre magi
  17 vault guards
  5 peacekeepers
  14 centaur warriors
  21 hydras
  Erica (D:8)
  A salamander tyrant (Snake:4)
  9 ironbound frosthearts
  6 anacondas
  19 two-headed ogres
  7 boulder beetles
  2 dancing weapons (D:14)
  10 alligators
  A death knight (Vaults:3)
  15 naga warriors
  A deep troll earth mage (D:13)
  10 death yaks (Lair:5)
  11 shock serpents
  A vampire mage (Vaults:3)
  Urug (D:12)
  5 naga sharpshooters
  Nergalle (Lair:2)
  Sonja (Lair:2)
  A salamander mystic (Snake:3)
  A fire crab (shapeshifter) (D:15)
  3 goliath frogs
  3 sea snakes (Snake:2)
  44 deep trolls
  5 spriggan druids
  3 naga ritualists (Snake:4)
  10 swamp dragons
  5 bog bodies
  4 wizards
  13 ironbound convokers
  14 lindwurms
  3 orc knights
  An orange crystal statue (Vaults:2)
  2 phantasmal warriors
  Pikel (D:5)
  9 mana vipers
  3 necromancers
  38 ugly things
  7 harpies (Vaults:1)
  An oklob plant (Lair:2)
  3 will-o-the-wisps
  2 deep elf pyromancers
  2 orc sorcerers
  A wolf spider (D:15)
  9 cyclopes
  15 salamanders
  A stone giant zombie (Vaults:3)
  2 elephants (Lair:5)
  Maurice (D:8)
  14 vault sentinels
  4 manticores
  25 black mambas
  12 guardian serpents
  A torpor snail (Lair:5)
  Maggie (D:7)
  13 naga magi
  4 cane toads
  A gargoyle (D:11)
  28 yaktaurs
  A yaktaur (shapeshifter) (D:11)
  An efreet (D:13)
  4 komodo dragons
  A freezing wraith (Vaults:3)
  2 rime drakes (Lair:5)
  A yaktaur skeleton (Vaults:1)
  3 meliai (D:13)
  8 polar bears
  15 trolls
  A queen bee (Lair:1)
  A blink frog (shapeshifter) (D:14)
  4 tyrant leeches
  14 hornets
  34 slime creatures
  7 dream sheep (Lair:5)
  5 blink frogs (Lair:5)
  An ettin skeleton (Vaults:3)
  Sigmund (D:4)
  A centaur simulacrum (D:11)
  2 vampires (D:12)
  A jumping spider (shapeshifter) (D:11)
  A shadow (D:12)
  15 spriggans
  2 wyverns (Lair:3)
  4 water elementals (D:10)
  6 wraiths
  A hog (Swamp:4)
  Eustachio (D:6)
  A yak (shapeshifter) (D:11)
  A hog (shapeshifter) (Vaults:1)
  A human (Swamp:4)
  44 yaks
  11 vampire mosquitoes
  2 basilisks
  2 redbacks (Vaults:4)
  Grum (D:8)
  A steam dragon (D:6)
  A glowing shapeshifter zombie (Vaults:1)
  A harpy simulacrum (D:15)
  An acid dragon (D:7)
  8 wargs
  17 swamp worms
  6 two-headed ogre zombies (D:10)
  29 nagas
  12 water moccasins
  9 swamp drakes
  2 ice beasts
  2 sky beasts
  28 orc warriors
  28 ogres
  8 boggarts
  39 wolves
  5 centaurs
  3 lemures (D:5)
  3 kobold brigands
  3 necrophages
  A gnoll sergeant (D:7)
  A human skeleton (Vaults:3)
  11 bullfrogs
  3 scorpions
  26 killer bees
  7 electric eels
  2 howler monkeys
  2 lava snakes
  12 orc priests
  A gnoll bouda (D:6)
  4 hounds
  7 iguanas
  10 orc wizards
  3 gnolls (D:7)
  8 adders
  5 white imps
  4 ufetubi
  A worm (D:2)
  2 dart slugs
  63 orcs
  6 ball pythons
  7 endoplasms
  6 giant cockroaches
  11 goblins
  4 hobgoblins
  11 jackals
  3 quokkas
  4 bats
  2 frilled lizards
  21 kobolds
  4 rats
  A butterfly (Lair:3)
1258 creatures vanquished.

Vanquished Creatures (others)
  A hydra (Swamp:4)
  An alligator (Swamp:3)
  A black mamba (Snake:4)
  3 bloated husks
  An air elemental (D:12)
  A water elemental (D:12)
  2 humans
  12 foxfires
  16 fungi
  58 plants
  2 starspawn tentacles (Snake:3)
98 creatures vanquished.

Grand Total: 1356 creatures vanquished

Notes
Turn   | Place    | Note
-------+----------+-------------------------------------------
     0 | D:1      | qw the Gargoyle Fighter began the quest for the Orb.
     0 | D:1      | Reached XP level 1. HP: 14/14 MP: 1/1
     0 | D:1      | 0 ||| qw: Version: 0.1-a-102-g441f92d
     0 | D:1      | 0 ||| qw: Game counter: 5289
     0 | D:1      | 0 ||| qw: Always use a shield: true
     0 | D:1      | 0 ||| qw: God list: Okawaru
     0 | D:1      | 0 ||| qw: Allow faded altars: false
     0 | D:1      | 0 ||| qw: Do Orc after D:15 true
     0 | D:1      | 0 ||| qw: Do second Lair branch before Depths: true
     0 | D:1      | 0 ||| qw: Lair rune preference: random
     0 | D:1      | 0 ||| qw: Plans: Normal
     0 | D:1      | 0 ||| PLANNING D:1-11
   283 | D:1      | Reached XP level 2. HP: 19/19 MP: 2/2
   505 | D:1      | Found a faded altar of an unknown god.
   843 | D:1      | Reached skill level 3 in Axes
   939 | D:1      | 939 ||| UPGRADING to +0 pair of boots.
   944 | D:1      | 944 ||| READING scroll labelled WILECR TUZAU.
   945 | D:1      | 945 ||| READING scroll labelled ORUNOG VUUSOCW.
   946 | D:1      | 946 ||| DRINKING 2 fizzy inky potions.
   947 | D:1      | 947 ||| DRINKING 2 fuming black potions.
   990 | D:2      | Reached XP level 3. HP: 23/23 MP: 3/3
  1127 | D:2      | 1127 ||| Stepping ~*~*~tactically~*~*~ (stealth).
  1142 | D:2      | 1142 ||| DROPPING +0 club.
  1245 | D:2      | 1245 ||| Stepping ~*~*~tactically~*~*~ (stealth).
  1432 | D:2      | Reached XP level 4. HP: 28/28 MP: 4/4
  1461 | D:2      | 1461 ||| DROPPING +0 war axe of holy wrath.
  1806 | D:2      | 1806 ||| UPGRADING to amulet of regeneration.
  1811 | D:2      | 1811 ||| READING scroll labelled XIERGH KERISSEL.
  1812 | D:2      | 1812 ||| READING scroll labelled GEOGHA KICZUI.
  1813 | D:2      | 1813 ||| READING scroll labelled UPLIELYMUPP.
  1814 | D:2      | 1814 ||| READING scroll labelled DESAIRCHOURA.
  1814 | D:2      | Identified a scroll of acquirement
  1814 | D:2      | 1814 ||| ACQUIRING +1 broad axe of the Bursting Gods
                  | {flame, rElec rPois rN+ Int-4}
  1814 | D:2      | Acquired the +1 broad axe of the Bursting Gods {flame,
                  | rElec rPois rN+ Int-4}
  1816 | D:2      | 1816 ||| SWAPPING to +1 broad axe of the Bursting Gods
                  | {flame, rElec rPois rN+ Int-4}.
  1817 | D:2      | 1817 ||| DROPPING +0 whip.
  1818 | D:2      | 1818 ||| DROPPING +1 vorpal war axe.
  1865 | D:3      | Identified the +7 scale mail "Irum" {rF+ Int+2}
  2104 | D:3      | 2104 ||| Stepping ~*~*~tactically~*~*~ (stealth).
  2106 | D:3      | 2106 ||| Stepping ~*~*~tactically~*~*~ (stealth).
  2124 | D:3      | Found an ancient bone altar of Kikubaaqudgha.
  2174 | D:3      | Noticed a scorpion
  2188 | D:3      | Killed a scorpion
  2189 | D:3      | Reached XP level 5. HP: 32/32 MP: 5/5
  2257 | D:3      | Noticed a human
  2261 | D:3      | Killed a human
  2274 | D:3      | Found a runed translucent door.
  2275 | D:3      | Noticed Crazy Yiuf
  2368 | D:3      | 2368 ||| Stepping ~*~*~tactically~*~*~ (stealth).
  2424 | D:3      | 2424 ||| UPGRADING to +7 scale mail "Irum" {rF+ Int+2}.
  2434 | D:3      | 2434 ||| DROPPING +0 scale mail.
  2435 | D:3      | 2435 ||| READING scroll labelled YSHULI BOOCLO.
  2436 | D:3      | 2436 ||| READING scroll labelled UPRUETYFAC.
  2518 | D:4      | 2518 ||| STAIRDANCE
  2601 | D:4      | 2601 ||| STAIRDANCE
  2798 | D:4      | You fall into a shaft and drop 3 floors!
  2824 | D:7      | Noticed an acid dragon
  2833 | D:7      | Killed an acid dragon
  2834 | D:7      | Reached XP level 6. HP: 32/40 MP: 6/6
  2855 | D:7      | 2855 ||| DROPPING orb of mayhem.
  2882 | D:6      | 2882 ||| DROPPING +6 ring of intelligence.
  2892 | D:5      | Entered Level 5 of the Dungeon
  2905 | D:5      | 2905 ||| Stepping ~*~*~tactically~*~*~ (stealth).
  2926 | D:5      | Reached skill level 1 in Dodging
  3029 | D:5      | Found a snail-covered altar of Cheibriados.
  3030 | D:5      | Found a shimmering altar of Xom.
  3033 | D:5      | 3033 ||| Stepping ~*~*~tactically~*~*~ (hiding).
  3141 | D:5      | Found a stormy altar of Qazlal.
  3142 | D:5      | Found a burning altar of Makhleb.
  3144 | D:5      | Found a broken altar of Ashenzari.
  3144 | D:5      | Found a basalt altar of Yredelemnul.
  3145 | D:5      | Found a shimmering blue altar of Sif Muna.
  3147 | D:5      | Found a bloodstained altar of Trog.
  3151 | D:5      | Found a hide-covered altar of Uskayaw.
  3224 | D:5      | Noticed Pikel
  3225 | D:5      | 3225 ||| Stepping ~*~*~tactically~*~*~ (stealth).
  3227 | D:5      | 3227 ||| Stepping ~*~*~tactically~*~*~ (stealth).
  3242 | D:5      | 3242 ||| Stepping ~*~*~tactically~*~*~ (stealth).
  3244 | D:5      | 3244 ||| Stepping ~*~*~tactically~*~*~ (stealth).
  3249 | D:5      | 3249 ||| Stepping ~*~*~tactically~*~*~ (stealth).
  3252 | D:5      | 3252 ||| Stepping ~*~*~tactically~*~*~ (stealth).
  3254 | D:5      | 3254 ||| Stepping ~*~*~tactically~*~*~ (stealth).
  3269 | D:5      | HP: 5/40 [Pikel/+0 whip of freezing (9)]
  3269 | D:5      | HP: 2/40 [Pikel/+0 whip of freezing (3)]
  3270 | D:5      | 3270 ||| DRINKING potion of heal wounds.
  3271 | D:5      | Killed Pikel
  3272 | D:5      | Reached XP level 7. HP: 16/44 MP: 7/7
  3273 | D:5      | Reached XP level 8. HP: 19/49 MP: 8/8
  3334 | D:5      | 3334 ||| Stepping ~*~*~tactically~*~*~ (stealth).
  3335 | D:5      | 3335 ||| Stepping ~*~*~tactically~*~*~ (stealth).
  3340 | D:5      | 3340 ||| Stepping ~*~*~tactically~*~*~ (stealth).
  3345 | D:5      | 3345 ||| Stepping ~*~*~tactically~*~*~ (stealth).
  3346 | D:5      | 3346 ||| Stepping ~*~*~tactically~*~*~ (stealth).
  3347 | D:5      | 3347 ||| Stepping ~*~*~tactically~*~*~ (stealth).
  3348 | D:5      | 3348 ||| Stepping ~*~*~tactically~*~*~ (stealth).
  3351 | D:5      | 3351 ||| Stepping ~*~*~tactically~*~*~ (stealth).
  3357 | D:5      | 3357 ||| Stepping ~*~*~tactically~*~*~ (hiding).
  3358 | D:5      | 3358 ||| Stepping ~*~*~tactically~*~*~ (hiding).
  3666 | D:5      | 3666 ||| READING scroll labelled PIGERR NOUNN.
  3667 | D:5      | 3667 ||| READING scroll labelled NER ISE RIGO.
  3668 | D:5      | 3668 ||| DRINKING 2 fizzy emerald potions.
  3669 | D:5      | 3669 ||| DRINKING 2 silvery potions.
  3670 | D:5      | 3670 ||| DROPPING potion of degeneration.
  3748 | D:4      | 3748 ||| Stepping ~*~*~tactically~*~*~ (hiding).
  3749 | D:4      | 3749 ||| Stepping ~*~*~tactically~*~*~ (hiding).
  3919 | D:4      | Found an ornate altar of the Wu Jian Council.
  3921 | D:4      | Noticed Sigmund
  3922 | D:4      | 3922 ||| Stepping ~*~*~tactically~*~*~ (hiding).
  3923 | D:4      | 3923 ||| Stepping ~*~*~tactically~*~*~ (hiding).
  4163 | D:4      | Found Istracw's Magic Scroll Shop.
  4196 | D:4      | 4196 ||| Stepping ~*~*~tactically~*~*~ (stealth).
  4198 | D:4      | 4198 ||| Stepping ~*~*~tactically~*~*~ (hiding).
  4208 | D:4      | 4208 ||| FLEEEEING.
  4209 | D:4      | 4209 ||| FLEEEEING.
  4212 | D:4      | Killed Sigmund
  4213 | D:4      | Reached skill level 6 in Fighting
  4511 | D:4      | 4511 ||| READING scroll labelled LOHIGA SEYFRUS.
  4512 | D:4      | 4512 ||| READING 2 scrolls of identify.
  4512 | D:4      | 4512 ||| IDENTIFYING clear potion
  4513 | D:4      | 4513 ||| DROPPING potion of ambrosia.
  4760 | D:5      | Found a glowing golden altar of the Shining One.
  4953 | D:5      | 4953 ||| UPGRADING to +6 ring of strength.
  4954 | D:5      | 4954 ||| READING 2 scrolls of identify.
  4954 | D:5      | 4954 ||| IDENTIFYING bubbling clear potion
  4955 | D:5      | 4955 ||| DROPPING potion of magic.
  5026 | D:4      | 5026 ||| READING 3 scrolls of teleportation.
  5094 | D:4      | 5094 ||| SHOPLISTING 3 scrolls of brand weapon (399 gold,
                  | have 316).
  5094 | D:4      | 5094 ||| BUYING scroll of enchant weapon (105 gold).
  5094 | D:4      | Bought a scroll of enchant weapon for 105 gold pieces
  5094 | D:4      | 5094 ||| BUYING scroll of enchant weapon (105 gold).
  5094 | D:4      | Bought a scroll of enchant weapon for 105 gold pieces
  5094 | D:4      | 5094 ||| BUYING scroll of identify (28 gold).
  5094 | D:4      | Bought a scroll of identify for 28 gold pieces
  5094 | D:4      | 5094 ||| BUYING scroll of identify (28 gold).
  5094 | D:4      | Bought a scroll of identify for 28 gold pieces
  5094 | D:4      | 5094 ||| BUYING scroll of identify (28 gold).
  5094 | D:4      | Bought a scroll of identify for 28 gold pieces
  5094 | D:4      | 5094 ||| SHOPLISTING scroll of teleportation (42 gold, have
                  | 22).
  5094 | D:4      | 5094 ||| READING 4 scrolls of identify.
  5094 | D:4      | 5094 ||| IDENTIFYING bubbling emerald potion
  5095 | D:4      | 5095 ||| DROPPING potion of lignification.
  5243 | D:6      | Reached skill level 9 in Axes
  5253 | D:6      | 5253 ||| Stepping ~*~*~tactically~*~*~ (hiding).
  5255 | D:6      | 5255 ||| Stepping ~*~*~tactically~*~*~ (hiding).
  5271 | D:6      | Reached skill level 4 in Shields
  5291 | D:6      | Reached XP level 9. HP: 55/56 MP: 9/9
  5308 | D:6      | Found a staircase to the Ecumenical Temple.
  5309 | D:6      | 5309 ||| PLANNING TEMPLE
  5314 | D:6      | 5314 ||| UPGRADING to +4 ring of evasion.
  5322 | Temple   | Entered the Ecumenical Temple
  5339 | Temple   | Became a worshipper of Warmaster Okawaru
  5340 | Temple   | 5340 ||| READING 2 scrolls of teleportation.
  5341 | Temple   | 5341 ||| PLANNING D:1-11
  5429 | D:6      | Found a hazy altar of Hepliaklqana.
  5550 | D:6      | Noticed Eustachio
  5563 | D:6      | Killed Eustachio
  5595 | D:6      | 5595 ||| READING 4 scrolls of identify.
  5595 | D:6      | 5595 ||| IDENTIFYING red potion
  5596 | D:6      | 5596 ||| DROPPING potion of brilliance.
  5656 | D:7      | Noticed Maggie
  5657 | D:7      | 5657 ||| Stepping ~*~*~tactically~*~*~ (hiding).
  5670 | D:7      | Killed Maggie
  5671 | D:7      | 5671 ||| Stepping ~*~*~tactically~*~*~ (hiding).
  5673 | D:7      | Reached * piety under Okawaru
  5731 | D:7      | Reached skill level 1 in Invocations
  5833 | D:7      | 5833 ||| Stepping ~*~*~tactically~*~*~ (hiding).
  6089 | D:7      | Noticed a two-headed ogre
  6090 | D:7      | 6090 ||| Stepping ~*~*~tactically~*~*~ (hiding).
  6091 | D:7      | 6091 ||| INVOKING Heroism.
  6094 | D:7      | Killed a two-headed ogre
  6095 | D:7      | Reached XP level 10. HP: 55/64 MP: 9/13
  6471 | D:7      | 6471 ||| UPGRADING to +0 kite shield.
  6481 | D:7      | 6481 ||| DROPPING +0 buckler.
  6556 | D:8      | Reached skill level 5 in Shields
  6562 | D:8      | 6562 ||| INVOKING Heroism.
  6565 | D:8      | Reached ** piety under Okawaru
  6598 | D:8      | Noticed Erica
  6599 | D:8      | 6599 ||| INVOKING Heroism.
  6600 | D:8      | Paralysed by Erica for 3 turns
  6610 | D:8      | Killed Erica
  6611 | D:8      | Reached skill level 6 in Shields
  6625 | D:8      | Found an opulent altar of Gozag.
  6695 | D:8      | 6695 ||| Stepping ~*~*~tactically~*~*~ (hiding).
  6699 | D:8      | 6699 ||| INVOKING Heroism.
  6708 | D:8      | Reached skill level 7 in Shields
  6783 | D:8      | Noticed Grum
  6784 | D:8      | 6784 ||| INVOKING Heroism.
  6802 | D:8      | Killed Grum
  6825 | D:8      | 6825 ||| INVOKING Heroism.
  6844 | D:8      | Reached skill level 8 in Shields
  6880 | D:8      | Noticed Maurice
  6903 | D:8      | Killed Maurice
  6910 | D:8      | Found a sacrificial altar of Ru.
  7046 | D:8      | 7046 ||| DROPPING +3 war axe of venom.
  7128 | D:8      | 7128 ||| INVOKING Heroism.
  7138 | D:8      | Reached *** piety under Okawaru
  7139 | D:8      | Reached skill level 9 in Shields
  7194 | D:8      | Found a staircase to the Lair.
  7328 | D:8      | 7328 ||| PLANNING LAIR
  7328 | D:8      | 7328 ||| UPGRADING to +0 cloak.
  7333 | D:8      | 7333 ||| READING 6 scrolls of identify.
  7333 | D:8      | 7333 ||| IDENTIFYING pink potion
  7379 | Lair:1   | Entered Level 1 of the Lair of Beasts
  7387 | Lair:1   | 7387 ||| INVOKING Heroism.
  7454 | Lair:1   | 7454 ||| INVOKING Heroism.
  7476 | Lair:1   | 7476 ||| INVOKING Heroism.
  7495 | Lair:1   | Reached XP level 11. HP: 68/68 MP: 14/14
  7509 | Lair:1   | 7509 ||| INVOKING Heroism.
  7690 | Lair:1   | 7690 ||| INVOKING Heroism.
  7706 | Lair:1   | Reached skill level 10 in Shields
  7803 | Lair:1   | 7803 ||| Stepping ~*~*~tactically~*~*~ (stealth).
  7806 | Lair:1   | 7806 ||| INVOKING Heroism.
  7811 | Lair:1   | 7811 ||| Stepping ~*~*~tactically~*~*~ (stealth).
  7812 | Lair:1   | 7812 ||| Stepping ~*~*~tactically~*~*~ (stealth).
  7813 | Lair:1   | Reached **** piety under Okawaru
  7819 | Lair:1   | 7819 ||| Stepping ~*~*~tactically~*~*~ (stealth).
  8119 | Lair:1   | 8119 ||| READING 3 scrolls labelled JUIPSI VOCOO.
  8120 | Lair:1   | 8120 ||| DROPPING 2 scrolls of vulnerability.
  8168 | Lair:2   | 8168 ||| INVOKING Heroism.
  8183 | Lair:2   | 8183 ||| INVOKING Heroism.
  8219 | Lair:2   | 8219 ||| Stepping ~*~*~tactically~*~*~ (stealth).
  8220 | Lair:2   | 8220 ||| Stepping ~*~*~tactically~*~*~ (stealth).
  8221 | Lair:2   | 8221 ||| Stepping ~*~*~tactically~*~*~ (stealth).
  8227 | Lair:2   | 8227 ||| INVOKING Heroism.
  8250 | Lair:2   | Noticed an oklob plant
  8251 | Lair:2   | 8251 ||| INVOKING Heroism.
  8261 | Lair:2   | Killed an oklob plant
  8262 | Lair:2   | Reached skill level 9 in Fighting
  8291 | Lair:2   | 8291 ||| Stepping ~*~*~tactically~*~*~ (stealth).
  8442 | Lair:2   | Found a staircase to the Snake Pit.
  8443 | Lair:2   | 8443 ||| Stepping ~*~*~tactically~*~*~ (hiding).
  8549 | Lair:2   | 8549 ||| Stepping ~*~*~tactically~*~*~ (stealth).
  8581 | Lair:2   | 8581 ||| INVOKING Heroism.
  8586 | Lair:2   | Reached skill level 1 in Throwing
  8586 | Lair:2   | Reached skill level 6 in Invocations
  8590 | Lair:2   | 8590 ||| Stepping ~*~*~tactically~*~*~ (stealth).
  8708 | Lair:2   | 8708 ||| INVOKING Heroism.
  8804 | Lair:2   | Found a large runed translucent door.
  8804 | Lair:2   | Found a large runed translucent door.
  8808 | Lair:2   | Noticed qw's ghost (journeyman TrCA)
  8824 | Lair:2   | 8824 ||| INVOKING Heroism.
  8826 | Lair:2   | Noticed Sonja
  8826 | Lair:2   | Noticed Nergalle
  8843 | Lair:2   | 8843 ||| INVOKING Heroism.
  8844 | Lair:2   | 8844 ||| Stepping ~*~*~tactically~*~*~ (water).
  8846 | Lair:2   | Killed Sonja
  8855 | Lair:2   | Killed Nergalle
  8855 | Lair:2   | Reached ***** piety under Okawaru
  8888 | Lair:2   | 8888 ||| INVOKING Heroism.
  9021 | Lair:2   | 9021 ||| INVOKING Heroism.
  9220 | Lair:2   | 9220 ||| READING 2 scrolls of teleportation.
  9318 | Lair:3   | Reached XP level 12. HP: 68/76 MP: 17/17
  9369 | Lair:3   | 9369 ||| INVOKING Heroism.
  9396 | Lair:3   | Found a staircase to the Swamp.
  9404 | Lair:3   | 9404 ||| INVOKING Heroism.
  9407 | Lair:3   | HP: 15/76 [bog body/bolt of cold (10)]
  9408 | Lair:3   | 9408 ||| READING scroll of teleportation.
  9409 | Lair:3   | 9409 ||| DRINKING 2 potions of heal wounds.
  9411 | Lair:3   | 9411 ||| DRINKING potion of heal wounds.
  9567 | Lair:3   | 9567 ||| Stepping ~*~*~tactically~*~*~ (stealth).
  9568 | Lair:3   | 9568 ||| Stepping ~*~*~tactically~*~*~ (stealth).
  9570 | Lair:3   | 9570 ||| INVOKING Heroism.
  9662 | Lair:3   | 9662 ||| INVOKING Heroism.
  9664 | Lair:3   | Received a gift from Okawaru
  9826 | Lair:3   | 9826 ||| Stepping ~*~*~tactically~*~*~ (hiding).
  9934 | Lair:3   | 9934 ||| INVOKING Heroism.
  9942 | Lair:3   | Reached skill level 9 in Invocations
 10071 | Lair:3   | 10071 ||| Stepping ~*~*~tactically~*~*~ (stealth).
 10072 | Lair:3   | 10072 ||| Stepping ~*~*~tactically~*~*~ (stealth).
 10097 | Lair:3   | Reached skill level 12 in Axes
 10133 | Lair:3   | 10133 ||| INVOKING Heroism.
 10289 | Lair:3   | 10289 ||| READING 2 scrolls labelled SEOSEH EQEECSU.
 10290 | Lair:3   | 10290 ||| DROPPING scroll of poison.
 10367 | Lair:4   | Noticed Josephine
 10370 | Lair:4   | 10370 ||| INVOKING Heroism.
 10378 | Lair:4   | Killed Josephine
 10546 | Lair:4   | 10546 ||| Stepping ~*~*~tactically~*~*~ (stealth).
 10551 | Lair:4   | 10551 ||| INVOKING Heroism.
 10597 | Lair:4   | Noticed a five-headed hydra
 10598 | Lair:4   | 10598 ||| INVOKING Heroism.
 10606 | Lair:4   | Killed a one-headed hydra
 11081 | Lair:4   | 11081 ||| Stepping ~*~*~tactically~*~*~ (stealth).
 11085 | Lair:4   | 11085 ||| INVOKING Heroism.
 11179 | Lair:4   | 11179 ||| UPGRADING to amulet of reflection.
 11189 | Lair:4   | 11189 ||| DROPPING amulet of regeneration.
 11194 | Lair:5   | Entered Level 5 of the Lair of Beasts
 11200 | Lair:5   | 11200 ||| INVOKING Heroism.
 11201 | Lair:5   | 11201 ||| Stepping ~*~*~tactically~*~*~ (stealth).
 11209 | Lair:5   | 11209 ||| Stepping ~*~*~tactically~*~*~ (stealth).
 11275 | Lair:5   | Noticed a death yak
 11276 | Lair:5   | 11276 ||| Stepping ~*~*~tactically~*~*~ (stealth).
 11279 | Lair:5   | Noticed a death yak
 11280 | Lair:5   | 11280 ||| Stepping ~*~*~tactically~*~*~ (stealth).
 11282 | Lair:5   | 11282 ||| Stepping ~*~*~tactically~*~*~ (stealth).
 11291 | Lair:5   | Received a gift from Okawaru
 11292 | Lair:5   | Noticed a death yak
 11293 | Lair:5   | 11293 ||| INVOKING Heroism.
 11294 | Lair:5   | 11294 ||| INVOKING Finesse.
 11300 | Lair:5   | Killed a death yak
 11301 | Lair:5   | Reached skill level 11 in Shields
 11303 | Lair:5   | Killed a death yak
 11310 | Lair:5   | Killed a death yak
 11312 | Lair:5   | 11312 ||| Stepping ~*~*~tactically~*~*~ (stealth).
 11358 | Lair:5   | 11358 ||| Stepping ~*~*~tactically~*~*~ (stealth).
 11398 | Lair:5   | 11398 ||| INVOKING Heroism.
 11423 | Lair:5   | 11423 ||| Stepping ~*~*~tactically~*~*~ (hiding).
 11424 | Lair:5   | 11424 ||| Stepping ~*~*~tactically~*~*~ (hiding).
 11427 | Lair:5   | 11427 ||| INVOKING Heroism.
 11431 | Lair:5   | Reached XP level 13. HP: 80/82 MP: 17/20
 11464 | Lair:5   | 11464 ||| Stepping ~*~*~tactically~*~*~ (hiding).
 11566 | Lair:5   | 11566 ||| INVOKING Heroism.
 11576 | Lair:5   | 11576 ||| INVOKING Finesse.
 11595 | Lair:5   | Received a gift from Okawaru
 11596 | Lair:5   | Reached skill level 3 in Throwing
 11614 | Lair:5   | Reached skill level 6 in Armour
 11665 | Lair:5   | 11665 ||| Stepping ~*~*~tactically~*~*~ (stealth).
 11667 | Lair:5   | 11667 ||| INVOKING Heroism.
 11739 | Lair:5   | 11739 ||| INVOKING Heroism.
 11742 | Lair:5   | 11742 ||| INVOKING Finesse.
 11743 | Lair:5   | 11743 ||| Stepping ~*~*~tactically~*~*~ (stealth).
 12012 | Lair:5   | Received a gift from Okawaru
 12020 | Lair:5   | 12020 ||| SWAPPING to +2 broad axe of flaming.
 12021 | Lair:5   | 12021 ||| DROPPING +1 broad axe of the Bursting Gods
                  | {flame, rElec rPois rN+ Int-4}.
 12022 | Lair:5   | 12022 ||| READING 8 scrolls of enchant weapon.
 12022 | Lair:5   | 12022 ||| ENCHANTING +2 broad axe of flaming.
 12023 | Lair:5   | 12023 ||| READING 7 scrolls of enchant weapon.
 12023 | Lair:5   | 12023 ||| ENCHANTING +3 broad axe of flaming.
 12024 | Lair:5   | 12024 ||| READING 6 scrolls of enchant weapon.
 12024 | Lair:5   | 12024 ||| ENCHANTING +4 broad axe of flaming.
 12025 | Lair:5   | 12025 ||| READING 5 scrolls of enchant weapon.
 12025 | Lair:5   | 12025 ||| ENCHANTING +5 broad axe of flaming.
 12026 | Lair:5   | 12026 ||| READING 4 scrolls of enchant weapon.
 12026 | Lair:5   | 12026 ||| ENCHANTING +6 broad axe of flaming.
 12027 | Lair:5   | 12027 ||| READING 3 scrolls of enchant weapon.
 12027 | Lair:5   | 12027 ||| ENCHANTING +7 broad axe of flaming.
 12028 | Lair:5   | 12028 ||| READING 2 scrolls of enchant weapon.
 12028 | Lair:5   | 12028 ||| ENCHANTING +8 broad axe of flaming.
 12059 | Lair:5   | 12059 ||| INVOKING Heroism.
 12096 | Lair:5   | 12096 ||| INVOKING Heroism.
 12097 | Lair:5   | 12097 ||| INVOKING Finesse.
 12132 | Lair:5   | Reached skill level 3 in Dodging
 12240 | Lair:5   | Found a viscous altar of Jiyva.
 12240 | Lair:5   | Found a staircase to the Slime Pits.
 12285 | Lair:5   | 12285 ||| Stepping ~*~*~tactically~*~*~ (hiding).
 12288 | Lair:5   | 12288 ||| INVOKING Heroism.
 12289 | Lair:5   | 12289 ||| INVOKING Finesse.
 12291 | Lair:5   | 12291 ||| Stepping ~*~*~tactically~*~*~ (stealth).
 12296 | Lair:5   | 12296 ||| Stepping ~*~*~tactically~*~*~ (hiding).
 12341 | Lair:5   | Found an ornate altar of the Wu Jian Council.
 12341 | Lair:5   | Found a hide-covered altar of Uskayaw.
 12455 | Lair:5   | 12455 ||| Stepping ~*~*~tactically~*~*~ (stealth).
 12766 | Lair:5   | 12766 ||| PLANNING D:1-11
 12766 | Lair:5   | 12766 ||| DROPPING amulet of guardian spirit.
 12767 | Lair:5   | 12767 ||| READING 9 scrolls of identify.
 12767 | Lair:5   | 12767 ||| IDENTIFYING viscous brown potion
 12768 | Lair:5   | 12768 ||| READING 8 scrolls of identify.
 12768 | Lair:5   | 12768 ||| IDENTIFYING blue potion
 12769 | Lair:5   | 12769 ||| DROPPING potion of attraction.
 12770 | Lair:5   | 12770 ||| DROPPING potion of berserk rage.
 12939 | D:9      | 12939 ||| Stepping ~*~*~tactically~*~*~ (hiding).
 12942 | D:9      | 12942 ||| INVOKING Heroism.
 13090 | D:9      | 13090 ||| STAIRDANCE
 13095 | D:9      | 13095 ||| STAIRDANCE
 13205 | D:9      | 13205 ||| Stepping ~*~*~tactically~*~*~ (stealth).
 13206 | D:9      | 13206 ||| Stepping ~*~*~tactically~*~*~ (stealth).
 13639 | D:10     | Entered Level 10 of the Dungeon
 13656 | D:10     | 13656 ||| Stepping ~*~*~tactically~*~*~ (stealth).
 13657 | D:10     | 13657 ||| Stepping ~*~*~tactically~*~*~ (stealth).
 13661 | D:10     | Found Ygumygrel's Weapon Boutique.
 13661 | D:10     | Found a staircase to the Orcish Mines.
 13662 | D:10     | 13662 ||| Stepping ~*~*~tactically~*~*~ (stealth).
 13664 | D:10     | 13664 ||| Stepping ~*~*~tactically~*~*~ (stealth).
 13667 | D:10     | 13667 ||| Stepping ~*~*~tactically~*~*~ (stealth).
 13672 | D:10     | 13672 ||| INVOKING Heroism.
 13686 | D:10     | Reached skill level 12 in Shields
 13701 | D:10     | Gained mutation: Your large and strong wings let you fly.
                  | [Gargoyle growth]
 13701 | D:10     | Reached XP level 14. HP: 87/90 MP: 21/21
 13726 | D:10     | 13726 ||| INVOKING Heroism.
 13817 | D:10     | Found Biqan's Bounteous Boutique.
 13818 | D:10     | 13818 ||| Stepping ~*~*~tactically~*~*~ (stealth).
 13820 | D:10     | 13820 ||| INVOKING Heroism.
 13844 | D:10     | 13844 ||| BUYING scroll of brand weapon (104 gold).
 13844 | D:10     | Bought a scroll of brand weapon for 104 gold pieces
 13844 | D:10     | 13844 ||| READING scroll of brand weapon.
 13844 | D:10     | 13844 ||| BRANDING +9 broad axe of flaming.
 13890 | D:10     | 13890 ||| Stepping ~*~*~tactically~*~*~ (stealth).
 13894 | D:10     | 13894 ||| INVOKING Heroism.
 13928 | D:10     | Received a gift from Okawaru
 13955 | D:10     | Found a runed translucent gate.
 13955 | D:10     | Found a runed translucent gate.
 13955 | D:10     | Found a runed translucent gate.
 14013 | D:10     | Noticed qw's ghost (novice TrCA)
 14016 | D:10     | Found a viscous altar of Jiyva.
 14079 | D:10     | 14079 ||| Stepping ~*~*~tactically~*~*~ (stealth).
 14081 | D:10     | 14081 ||| Stepping ~*~*~tactically~*~*~ (stealth).
 14083 | D:10     | 14083 ||| Stepping ~*~*~tactically~*~*~ (stealth).
 14087 | D:10     | 14087 ||| INVOKING Heroism.
 14311 | D:10     | 14311 ||| UPGRADING to +2 pair of boots.
 14321 | D:10     | 14321 ||| DROPPING +0 pair of boots.
 14322 | D:10     | 14322 ||| DRINKING 2 black potions.
 14322 | D:10     | Gained mutation: You occasionally lose the ability to read
                  | scrolls when taking damage. [potion of mutation]
 14322 | D:10     | Gained mutation: You occasionally lose the ability to drink
                  | potions when taking damage. [potion of mutation]
 14322 | D:10     | Gained mutation: Your body sometimes deteriorates upon
                  | taking damage. [potion of mutation]
 14322 | D:10     | Gained mutation: You have a beak for a mouth. [potion of
                  | mutation]
 14323 | D:10     | 14323 ||| DRINKING potion of mutation.
 14323 | D:10     | Lost mutation: You occasionally lose the ability to drink
                  | potions when taking damage. [potion of mutation]
 14323 | D:10     | Lost mutation: You occasionally lose the ability to read
                  | scrolls when taking damage. [potion of mutation]
 14323 | D:10     | Gained mutation: Your flesh is cold resistant. (rC+)
                  | [potion of mutation]
 14323 | D:10     | Gained mutation: Your mind is acute. (Int +4, Str/Dex -1)
                  | [potion of mutation]
 14422 | D:11     | Identified the +1 robe of the World {rF++ Int+2}
 14431 | D:11     | 14431 ||| INVOKING Heroism.
 14432 | D:11     | 14432 ||| INVOKING Finesse.
 14483 | D:11     | 14483 ||| Stepping ~*~*~tactically~*~*~ (stealth).
 14556 | D:11     | 14556 ||| Stepping ~*~*~tactically~*~*~ (stealth).
 14563 | D:11     | 14563 ||| Stepping ~*~*~tactically~*~*~ (stealth).
 14575 | D:11     | 14575 ||| INVOKING Heroism.
 14633 | D:11     | Reached skill level 15 in Axes
 14652 | D:11     | 14652 ||| INVOKING Heroism.
 14685 | D:11     | 14685 ||| INVOKING Finesse.
 14689 | D:11     | 14689 ||| SWAPPING to +0 flail.
 14695 | D:11     | 14695 ||| SWAPPING to +9 broad axe of protection.
 14727 | D:11     | 14727 ||| Stepping ~*~*~tactically~*~*~ (stealth).
 14728 | D:11     | 14728 ||| Stepping ~*~*~tactically~*~*~ (stealth).
 14819 | D:11     | 14819 ||| Stepping ~*~*~tactically~*~*~ (hiding).
 14825 | D:11     | 14825 ||| INVOKING Heroism.
 14981 | D:11     | 14981 ||| INVOKING Heroism.
 14982 | D:11     | 14982 ||| INVOKING Finesse.
 14991 | D:11     | 14991 ||| SWAPPING to +0 flail.
 15003 | D:11     | Received a gift from Okawaru
 15004 | D:11     | 15004 ||| SWAPPING to +9 broad axe of protection.
 15044 | D:11     | 15044 ||| Stepping ~*~*~tactically~*~*~ (stealth).
 15048 | D:11     | 15048 ||| Stepping ~*~*~tactically~*~*~ (stealth).
 15049 | D:11     | 15049 ||| Stepping ~*~*~tactically~*~*~ (stealth).
 15051 | D:11     | 15051 ||| Stepping ~*~*~tactically~*~*~ (stealth).
 15056 | D:11     | 15056 ||| Stepping ~*~*~tactically~*~*~ (hiding).
 15057 | D:11     | 15057 ||| Stepping ~*~*~tactically~*~*~ (hiding).
 15074 | D:11     | 15074 ||| INVOKING Heroism.
 15075 | D:11     | 15075 ||| SWAPPING to +0 flail.
 15076 | D:11     | 15076 ||| INVOKING Finesse.
 15091 | D:11     | Reached skill level 12 in Fighting
 15091 | D:11     | 15091 ||| SWAPPING to +9 broad axe of protection.
 15156 | D:11     | Identified the amulet "Iclisit" {Faith Will+}
 15168 | D:11     | 15168 ||| Stepping ~*~*~tactically~*~*~ (hiding).
 15510 | D:11     | 15510 ||| Stepping ~*~*~tactically~*~*~ (stealth).
 15513 | D:11     | 15513 ||| Stepping ~*~*~tactically~*~*~ (stealth).
 15524 | D:11     | 15524 ||| INVOKING Heroism.
 15644 | D:11     | 15644 ||| Stepping ~*~*~tactically~*~*~ (hiding).
 15650 | D:11     | 15650 ||| INVOKING Heroism.
 15654 | D:11     | 15654 ||| INVOKING Finesse.
 15711 | D:11     | 15711 ||| Stepping ~*~*~tactically~*~*~ (stealth).
 15724 | D:11     | 15724 ||| PLANNING D
 15724 | D:11     | 15724 ||| DROPPING +0 plate armour.
 15725 | D:11     | 15725 ||| UPGRADING to +9 scales of the Dragon King {rPois
                  | rF+ rC+ Will+}.
 15735 | D:11     | 15735 ||| DROPPING +7 scale mail "Irum" {rF+ Int+2}.
 15736 | D:11     | 15736 ||| DROPPING amulet "Iclisit" {Faith Will+}.
 15737 | D:11     | 15737 ||| DROPPING ring of resist corrosion.
 15738 | D:11     | 15738 ||| DROPPING +6 ring of dexterity.
 15739 | D:11     | 15739 ||| READING 3 scrolls labelled VOBUKI MITEXU.
 15740 | D:11     | 15740 ||| DROPPING 2 scrolls of noise.
 15788 | D:12     | 15788 ||| INVOKING Heroism.
 15872 | D:12     | 15872 ||| Stepping ~*~*~tactically~*~*~ (stealth).
 15895 | D:12     | 15895 ||| INVOKING Heroism.
 15957 | D:12     | 15957 ||| Stepping ~*~*~tactically~*~*~ (stealth).
 16066 | D:12     | 16066 ||| Stepping ~*~*~tactically~*~*~ (stealth).
 16165 | D:12     | Identified the +1 chain mail of the Lobster {*Slow rC+++
                  | Will+++ Slay-2}
 16168 | D:12     | Found a large runed translucent door.
 16168 | D:12     | Found a large runed translucent door.
 16170 | D:12     | Found Qiotwes's Magic Scroll Boutique.
 16178 | D:12     | 16178 ||| BUYING scroll of identify (26 gold).
 16178 | D:12     | Bought a scroll of identify for 26 gold pieces
 16178 | D:12     | 16178 ||| BUYING scroll of teleportation (39 gold).
 16178 | D:12     | Bought a scroll of teleportation for 39 gold pieces
 16505 | D:12     | 16505 ||| READING scroll labelled MONUWY JUDE.
 16582 | D:12     | 16582 ||| READING 10 scrolls of identify.
 16582 | D:12     | 16582 ||| IDENTIFYING fuming coppery potion
 16583 | D:12     | 16583 ||| DROPPING potion of invisibility.
 16612 | D:13     | Noticed Urug
 16613 | D:13     | 16613 ||| INVOKING Heroism.
 16614 | D:13     | 16614 ||| STAIRDANCE
 16616 | D:12     | 16616 ||| INVOKING Finesse.
 16625 | D:12     | Killed Urug
 16625 | D:12     | Received a gift from Okawaru
 16714 | D:13     | 16714 ||| STAIRDANCE
 16783 | D:13     | 16783 ||| STAIRDANCE
 16869 | D:13     | Noticed Nessos
 16870 | D:13     | 16870 ||| Stepping ~*~*~tactically~*~*~ (hiding).
 16872 | D:13     | 16872 ||| Stepping ~*~*~tactically~*~*~ (hiding).
 16873 | D:13     | 16873 ||| INVOKING Finesse.
 16882 | D:13     | 16882 ||| INVOKING Heroism.
 16883 | D:13     | Killed Nessos
 16884 | D:13     | Reached skill level 9 in Armour
 17041 | D:13     | 17041 ||| Stepping ~*~*~tactically~*~*~ (hiding).
 17157 | D:13     | 17157 ||| INVOKING Heroism.
 17158 | D:13     | 17158 ||| SWAPPING to +0 flail.
 17159 | D:13     | 17159 ||| Stepping ~*~*~tactically~*~*~ (outnumbered).
 17160 | D:13     | 17160 ||| SWAPPING to +9 broad axe of protection.
 17166 | D:13     | 17166 ||| SWAPPING to +0 flail.
 17176 | D:13     | 17176 ||| SWAPPING to +9 broad axe of protection.
 17539 | D:13     | 17539 ||| Stepping ~*~*~tactically~*~*~ (hiding).
 17542 | D:13     | 17542 ||| INVOKING Heroism.
 17547 | D:13     | Reached XP level 15. HP: 85/96 MP: 19/22
 17547 | D:13     | 17547 ||| Stepping ~*~*~tactically~*~*~ (hiding).
 18018 | D:14     | 18018 ||| PLANNING GAUNTLET
 18066 | D:14     | Found Bylonex's Weapon Shop.
 18074 | D:14     | 18074 ||| BUYING +3 flail (287 gold).
 18074 | D:14     | Bought a +3 flail for 287 gold pieces
 18074 | D:14     | 18074 ||| DROPPING +0 flail.
 18161 | D:14     | Found a gate to the Vaults.
 18270 | D:14     | 18270 ||| Stepping ~*~*~tactically~*~*~ (hiding).
 18271 | D:14     | 18271 ||| Stepping ~*~*~tactically~*~*~ (hiding).
 18344 | D:14     | 18344 ||| INVOKING Heroism.
 18345 | D:14     | 18345 ||| SWAPPING to +3 flail.
 18346 | D:14     | 18346 ||| INVOKING Finesse.
 18353 | D:14     | Received a gift from Okawaru
 18354 | D:14     | 18354 ||| SWAPPING to +9 broad axe of protection.
 18389 | D:14     | 18389 ||| DROPPING +3 flail.
 18407 | D:14     | Found a transporter.
 18409 | D:14     | Noticed Laowois's ghost (journeyman MiBe)
 18434 | D:14     | Found Xiturch's Distillery.
 18442 | D:14     | 18442 ||| BUYING 2 potions of magic (208 gold).
 18442 | D:14     | Bought 2 potions of magic for 208 gold pieces
 18442 | D:14     | 18442 ||| BUYING potion of cancellation (104 gold).
 18442 | D:14     | Bought a potion of cancellation for 104 gold pieces
 18442 | D:14     | 18442 ||| BUYING potion of heal wounds (65 gold).
 18442 | D:14     | Bought a potion of heal wounds for 65 gold pieces
 18442 | D:14     | 18442 ||| BUYING potion of mutation (104 gold).
 18442 | D:14     | Bought a potion of mutation for 104 gold pieces
 18467 | D:14     | Found a transporter.
 18490 | D:14     | Found Qiwu's Armour Shop.
 18510 | D:14     | 18510 ||| RIP GAUNTLET
 18533 | D:14     | 18533 ||| PLANNING D
 18536 | D:14     | 18536 ||| INVOKING Heroism.
 18628 | D:14     | Found Rubbiv's Armour Shoppe.
 18656 | D:14     | 18656 ||| INVOKING Heroism.
 18817 | D:14     | Reached skill level 12 in Armour
 18873 | D:14     | 18873 ||| Stepping ~*~*~tactically~*~*~ (stealth).
 18875 | D:14     | 18875 ||| Stepping ~*~*~tactically~*~*~ (stealth).
 18881 | D:14     | 18881 ||| INVOKING Heroism.
 19226 | D:14     | 19226 ||| Stepping ~*~*~tactically~*~*~ (stealth).
 19320 | D:14     | Found Joluil's Antique Weapon Emporium.
 19459 | D:15     | Entered Level 15 of the Dungeon
 19497 | D:15     | 19497 ||| INVOKING Heroism.
 19498 | D:15     | 19498 ||| SWAPPING to +2 broad axe of flaming.
 19504 | D:15     | 19504 ||| SWAPPING to +9 broad axe of protection.
 19596 | D:15     | 19596 ||| Stepping ~*~*~tactically~*~*~ (stealth).
 19597 | D:15     | 19597 ||| INVOKING Heroism.
 19598 | D:15     | 19598 ||| INVOKING Finesse.
 19645 | D:15     | 19645 ||| INVOKING Heroism.
 19673 | D:15     | 19673 ||| Stepping ~*~*~tactically~*~*~ (stealth).
 19674 | D:15     | 19674 ||| INVOKING Finesse.
 19680 | D:15     | Received a gift from Okawaru
 19732 | D:15     | Noticed Rupert
 19733 | D:15     | 19733 ||| INVOKING Heroism.
 19734 | D:15     | 19734 ||| INVOKING Finesse.
 19743 | D:15     | Killed Rupert
 19862 | D:15     | Identified the ring of Life {rF+ rCorr Str+6 SInv}
 19923 | D:15     | 19923 ||| Stepping ~*~*~tactically~*~*~ (stealth).
 19938 | D:15     | Received a gift from Okawaru
 20017 | D:15     | 20017 ||| FLEEEEING.
 20018 | D:15     | 20018 ||| FLEEEEING.
 20202 | D:15     | 20202 ||| Stepping ~*~*~tactically~*~*~ (stealth).
 20203 | D:15     | 20203 ||| Stepping ~*~*~tactically~*~*~ (stealth).
 20208 | D:15     | 20208 ||| INVOKING Heroism.
 20281 | D:15     | 20281 ||| Stepping ~*~*~tactically~*~*~ (stealth).
 20282 | D:15     | 20282 ||| Stepping ~*~*~tactically~*~*~ (stealth).
 20434 | D:15     | Found a staircase to the Depths.
 20436 | D:15     | 20436 ||| Stepping ~*~*~tactically~*~*~ (stealth).
 20450 | D:15     | Received a gift from Okawaru
 20451 | D:15     | 20451 ||| UPGRADING to ring of Life {rF+ rCorr Str+6 SInv}.
 20453 | D:15     | 20453 ||| DROPPING +6 ring of strength.
 20474 | D:15     | 20474 ||| PLANNING ORC
 20474 | D:15     | 20474 ||| READING scroll labelled NETULENUMACE.
 20633 | Orc:1    | Entered Level 1 of the Orcish Mines
 20772 | Orc:2    | Entered Level 2 of the Orcish Mines
 20773 | Orc:2    | 20773 ||| STAIRDANCE
 20775 | Orc:1    | 20775 ||| INVOKING Heroism.
 20782 | Orc:2    | 20782 ||| STAIRDANCE
 20790 | Orc:2    | 20790 ||| STAIRDANCE
 20885 | Orc:2    | 20885 ||| STAIRDANCE
 20887 | Orc:1    | 20887 ||| INVOKING Heroism.
 20892 | Orc:1    | Reached XP level 16. HP: 37/101 MP: 20/23
 20894 | Orc:1    | Reached skill level 13 in Shields
 21141 | Orc:2    | 21141 ||| STAIRDANCE
 21143 | Orc:1    | 21143 ||| INVOKING Heroism.
 21268 | Orc:2    | 21268 ||| STAIRDANCE
 21270 | Orc:1    | 21270 ||| INVOKING Heroism.
 21376 | Orc:2    | 21376 ||| STAIRDANCE
 21381 | Orc:1    | Received a gift from Okawaru
 21430 | Orc:2    | Found Qiemmah's Antique Weapon Emporium.
 21460 | Orc:2    | 21460 ||| Stepping ~*~*~tactically~*~*~ (stealth).
 21462 | Orc:2    | 21462 ||| Stepping ~*~*~tactically~*~*~ (stealth).
 21480 | Orc:2    | Found a dark tunnel.
 21524 | Orc:2    | Found Jomicil's Book Boutique.
 21528 | Orc:2    | Found Ischin's Assorted Antiques.
 21530 | Orc:2    | Found Uravadd's Armour Shoppe.
 21547 | Orc:2    | 21547 ||| INVOKING Heroism.
 21558 | Orc:2    | 21558 ||| Stepping ~*~*~tactically~*~*~ (stealth).
 21559 | Orc:2    | 21559 ||| Stepping ~*~*~tactically~*~*~ (stealth).
 21567 | Orc:2    | 21567 ||| INVOKING Finesse.
 21625 | Orc:2    | 21625 ||| BUYING emerald ring (190 gold).
 21625 | Orc:2    | Bought an emerald ring for 190 gold pieces
 21625 | Orc:2    | 21625 ||| BUYING potion of haste (380 gold).
 21625 | Orc:2    | Bought a potion of haste for 380 gold pieces
 21636 | Orc:2    | 21636 ||| BUYING +0 pair of gloves (67 gold).
 21636 | Orc:2    | Bought a +0 pair of gloves for 67 gold pieces
 21670 | Orc:2    | Found a staircase to the Elven Halls.
 21720 | Orc:2    | 21720 ||| Stepping ~*~*~tactically~*~*~ (hiding).
 21721 | Orc:2    | 21721 ||| Stepping ~*~*~tactically~*~*~ (hiding).
 21723 | Orc:2    | 21723 ||| INVOKING Heroism.
 21756 | Orc:2    | Found a runed translucent gate.
 21756 | Orc:2    | Found a runed translucent gate.
 21756 | Orc:2    | Found a runed translucent gate.
 21758 | Orc:2    | Noticed qw's ghost (adept TeWr)
 21758 | Orc:2    | Noticed qw's ghost (journeyman TrCA)
 21759 | Orc:2    | Noticed qw's ghost (journeyman TrCA)
 21759 | Orc:2    | Noticed qw's ghost (journeyman TeWr)
 21759 | Orc:2    | Noticed qw's ghost (journeyman TrCA)
 21795 | Orc:2    | 21795 ||| INVOKING Heroism.
 21797 | Orc:2    | Noticed Snorg
 21798 | Orc:2    | 21798 ||| INVOKING Finesse.
 21809 | Orc:2    | Killed Snorg
 21809 | Orc:2    | Received a gift from Okawaru
 21809 | Orc:2    | Found the +3 crown of Dyrovepreva {rElec Int+2 SInv}
 22059 | Orc:2    | 22059 ||| UPGRADING to +0 pair of gloves.
 22064 | Orc:2    | 22064 ||| UPGRADING to +3 crown of Dyrovepreva {rElec Int+2
                  | SInv}.
 22069 | Orc:2    | 22069 ||| DROPPING ring of fire.
 22095 | Orc:1    | 22095 ||| INVOKING Heroism.
 22112 | Orc:1    | 22112 ||| Stepping ~*~*~tactically~*~*~ (stealth).
 22114 | Orc:1    | 22114 ||| Stepping ~*~*~tactically~*~*~ (stealth).
 22130 | Orc:1    | 22130 ||| INVOKING Heroism.
 22475 | Orc:1    | 22475 ||| INVOKING Heroism.
 22480 | Orc:1    | 22480 ||| INVOKING Finesse.
 22621 | Orc:1    | 22621 ||| PLANNING SWAMP:1-3
 22832 | Lair:3   | 22832 ||| Stepping ~*~*~tactically~*~*~ (stealth).
 22834 | Lair:3   | 22834 ||| Stepping ~*~*~tactically~*~*~ (hiding).
 22836 | Lair:3   | 22836 ||| Stepping ~*~*~tactically~*~*~ (hiding).
 22837 | Lair:3   | 22837 ||| Stepping ~*~*~tactically~*~*~ (hiding).
 22879 | Swamp:1  | Entered Level 1 of the Swamp
 22958 | Swamp:1  | 22958 ||| Stepping ~*~*~tactically~*~*~ (hiding).
 22960 | Swamp:1  | 22960 ||| Stepping ~*~*~tactically~*~*~ (hiding).
 23003 | Swamp:1  | 23003 ||| INVOKING Heroism.
 23047 | Swamp:1  | 23047 ||| INVOKING Heroism.
 23048 | Swamp:1  | 23048 ||| SWAPPING to +2 broad axe of flaming.
 23051 | Swamp:1  | 23051 ||| SWAPPING to +9 broad axe of protection.
 23055 | Swamp:1  | 23055 ||| Stepping ~*~*~tactically~*~*~ (hiding).
 23073 | Swamp:1  | 23073 ||| Stepping ~*~*~tactically~*~*~ (stealth).
 23087 | Swamp:1  | 23087 ||| INVOKING Heroism.
 23128 | Swamp:1  | 23128 ||| Stepping ~*~*~tactically~*~*~ (stealth).
 23166 | Swamp:1  | 23166 ||| Stepping ~*~*~tactically~*~*~ (stealth).
 23389 | Swamp:1  | Noticed a thorn hunter
 23390 | Swamp:1  | 23390 ||| Stepping ~*~*~tactically~*~*~ (hiding).
 23392 | Swamp:1  | 23392 ||| Stepping ~*~*~tactically~*~*~ (hiding).
 23394 | Swamp:1  | 23394 ||| INVOKING Heroism.
 23395 | Swamp:1  | 23395 ||| INVOKING Finesse.
 23406 | Swamp:1  | Killed a thorn hunter
 23510 | Swamp:1  | 23510 ||| Stepping ~*~*~tactically~*~*~ (hiding).
 23514 | Swamp:1  | 23514 ||| INVOKING Heroism.
 23537 | Swamp:1  | 23537 ||| Stepping ~*~*~tactically~*~*~ (hiding).
 23700 | Swamp:1  | 23700 ||| READING 16 scrolls of identify.
 23700 | Swamp:1  | 23700 ||| IDENTIFYING yellow potion
 23701 | Swamp:1  | 23701 ||| DROPPING potion of flight.
 23739 | Swamp:2  | 23739 ||| INVOKING Heroism.
 23896 | Swamp:2  | 23896 ||| INVOKING Heroism.
 23897 | Swamp:2  | 23897 ||| INVOKING Finesse.
 23898 | Swamp:2  | 23898 ||| SWAPPING to +2 broad axe of flaming.
 23904 | Swamp:2  | 23904 ||| SWAPPING to +9 broad axe of protection.
 23971 | Swamp:2  | 23971 ||| INVOKING Heroism.
 24147 | Swamp:2  | 24147 ||| READING scroll of enchant armour.
 24147 | Swamp:2  | 24147 ||| ENCHANTING +0 pair of gloves.
 24165 | Swamp:2  | Reached skill level 6 in Throwing
 24290 | Swamp:2  | 24290 ||| INVOKING Heroism.
 24292 | Swamp:2  | 24292 ||| SWAPPING to +2 broad axe of flaming.
 24298 | Swamp:2  | 24298 ||| SWAPPING to +9 broad axe of protection.
 24552 | Swamp:3  | 24552 ||| Stepping ~*~*~tactically~*~*~ (hiding).
 24575 | Swamp:3  | 24575 ||| READING scroll of acquirement.
 24575 | Swamp:3  | 24575 ||| ACQUIRING 1107 gold pieces
 24575 | Swamp:3  | Acquired 1107 gold pieces
 24579 | Swamp:3  | Noticed a thorn hunter
 24580 | Swamp:3  | 24580 ||| Stepping ~*~*~tactically~*~*~ (hiding).
 24581 | Swamp:3  | 24581 ||| INVOKING Heroism.
 24589 | Swamp:3  | Killed a thorn hunter
 24646 | Swamp:3  | 24646 ||| INVOKING Heroism.
 24707 | Swamp:3  | 24707 ||| INVOKING Heroism.
 24762 | Swamp:3  | 24762 ||| INVOKING Heroism.
 24930 | Swamp:3  | 24930 ||| INVOKING Heroism.
 24945 | Swamp:3  | 24945 ||| Stepping ~*~*~tactically~*~*~ (hiding).
 25024 | Swamp:3  | 25024 ||| Stepping ~*~*~tactically~*~*~ (hiding).
 25026 | Swamp:3  | 25026 ||| INVOKING Heroism.
 25241 | Swamp:3  | 25241 ||| PLANNING SNAKE:1-3
 25241 | Swamp:3  | 25241 ||| DRINKING 2 lumpy purple potions.
 25344 | Snake:1  | Entered Level 1 of the Snake Pit
 25359 | Snake:1  | 25359 ||| Stepping ~*~*~tactically~*~*~ (hiding).
 25360 | Snake:1  | Noticed Frances
 25361 | Snake:1  | 25361 ||| INVOKING Heroism.
 25368 | Snake:1  | Reached XP level 17. HP: 91/108 MP: 22/24
 25381 | Snake:1  | Killed Frances
 25383 | Snake:1  | 25383 ||| Stepping ~*~*~tactically~*~*~ (stealth).
 25384 | Snake:1  | 25384 ||| Stepping ~*~*~tactically~*~*~ (stealth).
 25479 | Snake:1  | 25479 ||| Stepping ~*~*~tactically~*~*~ (hiding).
 25480 | Snake:1  | 25480 ||| Stepping ~*~*~tactically~*~*~ (hiding).
 25484 | Snake:1  | 25484 ||| Stepping ~*~*~tactically~*~*~ (hiding).
 25522 | Snake:1  | 25522 ||| INVOKING Heroism.
 25534 | Snake:1  | Reached skill level 18 in Axes
 25545 | Snake:1  | Received a gift from Okawaru
 25568 | Snake:1  | Noticed Aizul
 25569 | Snake:1  | 25569 ||| INVOKING Heroism.
 25579 | Snake:1  | Killed Aizul
 25807 | Snake:1  | 25807 ||| Stepping ~*~*~tactically~*~*~ (hiding).
 25893 | Snake:1  | Found Sitaakk's Book Shop.
 25909 | Snake:1  | 25909 ||| Stepping ~*~*~tactically~*~*~ (hiding).
 26265 | Snake:2  | 26265 ||| INVOKING Heroism.
 26275 | Snake:2  | Received a gift from Okawaru
 26470 | Snake:2  | 26470 ||| Stepping ~*~*~tactically~*~*~ (hiding).
 26480 | Snake:2  | 26480 ||| Stepping ~*~*~tactically~*~*~ (hiding).
 26571 | Snake:2  | 26571 ||| READING scroll of enchant armour.
 26571 | Snake:2  | 26571 ||| ENCHANTING +1 pair of gloves.
 26675 | Snake:2  | 26675 ||| READING scroll of brand weapon.
 26675 | Snake:2  | 26675 ||| BRANDING +9 broad axe of protection.
 26680 | Snake:2  | 26680 ||| INVOKING Heroism.
 26701 | Snake:2  | Reached skill level 15 in Armour
 26724 | Snake:2  | Received a gift from Okawaru
 26942 | Snake:2  | Found a runed translucent gate.
 26942 | Snake:2  | Found a runed translucent gate.
 26942 | Snake:2  | Found a runed translucent gate.
 26946 | Snake:2  | 26946 ||| READING 6 scrolls of teleportation.
 26998 | Snake:3  | 26998 ||| INVOKING Heroism.
 26999 | Snake:3  | 26999 ||| STAIRDANCE
 27008 | Snake:3  | 27008 ||| STAIRDANCE
 27016 | Snake:3  | Received a gift from Okawaru
 27062 | Snake:3  | 27062 ||| Stepping ~*~*~tactically~*~*~ (hiding).
 27074 | Snake:3  | Noticed Mlioglotl
 27075 | Snake:3  | 27075 ||| INVOKING Heroism.
 27076 | Snake:3  | 27076 ||| INVOKING Finesse.
 27080 | Snake:3  | Noticed a tentacled starspawn
 27084 | Snake:3  | 27084 ||| STAIRDANCE
 27085 | Snake:3  | Noticed a bone dragon
 27086 | Snake:3  | 27086 ||| STAIRDANCE
 27090 | Snake:2  | Killed Mlioglotl
 27098 | Snake:2  | Received a gift from Okawaru
 27154 | Snake:2  | 27154 ||| INVOKING Heroism.
 27297 | Snake:2  | 27297 ||| INVOKING Heroism.
 27309 | Snake:2  | Received a gift from Okawaru
 27412 | Snake:3  | 27412 ||| STAIRDANCE
 27421 | Snake:2  | Reached skill level 14 in Shields
 27437 | Snake:3  | 27437 ||| STAIRDANCE
 27446 | Snake:3  | 27446 ||| STAIRDANCE
 27455 | Snake:3  | 27455 ||| STAIRDANCE
 27463 | Snake:3  | 27463 ||| STAIRDANCE
 27469 | Snake:3  | Noticed Saint Roka
 27470 | Snake:3  | 27470 ||| INVOKING Heroism.
 27471 | Snake:3  | 27471 ||| INVOKING Finesse.
 27488 | Snake:3  | Killed Saint Roka
 27518 | Snake:3  | 27518 ||| Stepping ~*~*~tactically~*~*~ (hiding).
 27521 | Snake:3  | 27521 ||| Stepping ~*~*~tactically~*~*~ (hiding).
 27558 | Snake:3  | 27558 ||| FLEEEEING.
 27559 | Snake:3  | 27559 ||| FLEEEEING.
 27560 | Snake:3  | 27560 ||| FLEEEEING.
 27561 | Snake:3  | 27561 ||| FLEEEEING.
 27562 | Snake:3  | 27562 ||| FLEEEEING.
 27563 | Snake:3  | 27563 ||| FLEEEEING.
 27564 | Snake:3  | 27564 ||| FLEEEEING.
 27565 | Snake:3  | 27565 ||| STAIRDANCE
 27734 | Snake:3  | 27734 ||| Stepping ~*~*~tactically~*~*~ (hiding).
 27735 | Snake:3  | 27735 ||| Stepping ~*~*~tactically~*~*~ (hiding).
 27883 | Snake:3  | 27883 ||| Stepping ~*~*~tactically~*~*~ (stealth).
 27885 | Snake:3  | 27885 ||| Stepping ~*~*~tactically~*~*~ (hiding).
 27888 | Snake:3  | 27888 ||| Stepping ~*~*~tactically~*~*~ (hiding).
 28015 | Snake:3  | 28015 ||| Stepping ~*~*~tactically~*~*~ (hiding).
 28016 | Snake:3  | 28016 ||| INVOKING Heroism.
 28105 | Snake:3  | Received a gift from Okawaru
 28293 | Snake:3  | 28293 ||| Stepping ~*~*~tactically~*~*~ (hiding).
 28295 | Snake:3  | 28295 ||| INVOKING Heroism.
 28342 | Snake:3  | 28342 ||| Stepping ~*~*~tactically~*~*~ (hiding).
 28343 | Snake:3  | 28343 ||| Stepping ~*~*~tactically~*~*~ (hiding).
 28346 | Snake:3  | 28346 ||| INVOKING Heroism.
 28352 | Snake:3  | Noticed Jorgrun
 28367 | Snake:3  | Killed Jorgrun
 28597 | Snake:3  | 28597 ||| Stepping ~*~*~tactically~*~*~ (stealth).
 28610 | Snake:3  | Reached XP level 18. HP: 116/116 MP: 25/25
 28610 | Snake:3  | 28610 ||| DROPPING +2 broad axe of flaming.
 28685 | Snake:3  | 28685 ||| PLANNING SWAMP:4
 28685 | Snake:3  | 28685 ||| UPGRADING to +2 tower shield.
 28695 | Snake:3  | 28695 ||| DROPPING +0 kite shield.
 28696 | Snake:3  | 28696 ||| READING scroll labelled WOKOGR YROTSI.
 28964 | Swamp:4  | Entered Level 4 of the Swamp
 28965 | Swamp:4  | 28965 ||| INVOKING Heroism.
 28966 | Swamp:4  | 28966 ||| STAIRDANCE
 28972 | Swamp:4  | Noticed Kirke
 28996 | Swamp:4  | Killed Kirke
 29146 | Swamp:4  | 29146 ||| INVOKING Heroism.
 29297 | Swamp:4  | 29297 ||| Stepping ~*~*~tactically~*~*~ (stealth).
 29298 | Swamp:4  | 29298 ||| Stepping ~*~*~tactically~*~*~ (stealth).
 29299 | Swamp:4  | 29299 ||| Stepping ~*~*~tactically~*~*~ (stealth).
 29301 | Swamp:4  | 29301 ||| Stepping ~*~*~tactically~*~*~ (stealth).
 29302 | Swamp:4  | 29302 ||| Stepping ~*~*~tactically~*~*~ (stealth).
 29438 | Swamp:4  | 29438 ||| INVOKING Heroism.
 29551 | Swamp:4  | 29551 ||| Stepping ~*~*~tactically~*~*~ (hiding).
 29705 | Swamp:4  | 29705 ||| INVOKING Heroism.
 29854 | Swamp:4  | 29854 ||| Stepping ~*~*~tactically~*~*~ (stealth).
 29910 | Swamp:4  | Identified Roxanne's Catalogue of Clay
 29910 | Swamp:4  | Noticed Roxanne
 29911 | Swamp:4  | 29911 ||| INVOKING Heroism.
 29912 | Swamp:4  | 29912 ||| INVOKING Finesse.
 29927 | Swamp:4  | Killed Roxanne
 29928 | Swamp:4  | Reached skill level 15 in Shields
 29989 | Swamp:4  | 29989 ||| INVOKING Heroism.
 30000 | Swamp:4  | 30000 ||| Stepping ~*~*~tactically~*~*~ (hiding).
 30035 | Swamp:4  | 30035 ||| Stepping ~*~*~tactically~*~*~ (stealth).
 30056 | Swamp:4  | 30056 ||| INVOKING Heroism.
 30057 | Swamp:4  | Noticed a tentacled monstrosity
 30058 | Swamp:4  | 30058 ||| INVOKING Finesse.
 30065 | Swamp:4  | Received a gift from Okawaru
 30072 | Swamp:4  | Killed a tentacled monstrosity
 30307 | Swamp:4  | 30307 ||| Stepping ~*~*~tactically~*~*~ (stealth).
 30309 | Swamp:4  | 30309 ||| Stepping ~*~*~tactically~*~*~ (hiding).
 30310 | Swamp:4  | 30310 ||| Stepping ~*~*~tactically~*~*~ (hiding).
 30311 | Swamp:4  | 30311 ||| INVOKING Heroism.
 30312 | Swamp:4  | 30312 ||| INVOKING Finesse.
 30313 | Swamp:4  | 30313 ||| INVOKING Finesse.
 30342 | Swamp:4  | 30342 ||| Stepping ~*~*~tactically~*~*~ (stealth).
 30344 | Swamp:4  | Noticed the 27-headed Lernaean hydra
 30346 | Swamp:4  | 30346 ||| Stepping ~*~*~tactically~*~*~ (stealth).
 30363 | Swamp:4  | Killed the 26-headed Lernaean hydra
 30367 | Swamp:4  | HP: 26/116 [ten-headed hydra (10)]
 30368 | Swamp:4  | 30368 ||| READING 8 scrolls of teleportation.
 30368 | Swamp:4  | HP: 5/116 [ten-headed hydra (10)]
 30369 | Swamp:4  | 30369 ||| DRINKING 4 potions of heal wounds.
 30370 | Swamp:4  | 30370 ||| DRINKING 3 potions of heal wounds.
 30595 | Swamp:4  | 30595 ||| INVOKING Heroism.
 30603 | Swamp:4  | Reached skill level 16 in Shields
 30624 | Swamp:4  | 30624 ||| Stepping ~*~*~tactically~*~*~ (stealth).
 30634 | Swamp:4  | 30634 ||| INVOKING Heroism.
 30656 | Swamp:4  | 30656 ||| Stepping ~*~*~tactically~*~*~ (stealth).
 30659 | Swamp:4  | 30659 ||| FLEEEEING.
 30660 | Swamp:4  | 30660 ||| FLEEEEING.
 30661 | Swamp:4  | 30661 ||| INVOKING Heroism.
 30834 | Swamp:4  | 30834 ||| Stepping ~*~*~tactically~*~*~ (hiding).
 30854 | Swamp:4  | Got a decaying rune of Zot
 30998 | Swamp:4  | 30998 ||| PLANNING VAULTS:1-4
 30998 | Swamp:4  | 30998 ||| DROPPING +2 pair of gloves.
 31327 | Vaults:1 | Entered Level 1 of the Vaults
 31336 | Vaults:1 | 31336 ||| Stepping ~*~*~tactically~*~*~ (hiding).
 31338 | Vaults:1 | 31338 ||| Stepping ~*~*~tactically~*~*~ (hiding).
 31339 | Vaults:1 | 31339 ||| Stepping ~*~*~tactically~*~*~ (hiding).
 31341 | Vaults:1 | 31341 ||| Stepping ~*~*~tactically~*~*~ (hiding).
 31351 | Vaults:1 | 31351 ||| INVOKING Heroism.
 31550 | Vaults:1 | 31550 ||| INVOKING Heroism.
 31620 | Vaults:1 | Reached skill level 17 in Shields
 31632 | Vaults:1 | 31632 ||| INVOKING Heroism.
 31744 | Vaults:1 | 31744 ||| INVOKING Heroism.
 31776 | Vaults:1 | 31776 ||| READING 7 scrolls of teleportation.
 31781 | Vaults:1 | 31781 ||| INVOKING Finesse.
 31804 | Vaults:1 | HP: 22/116 [fire giant/+2 great sword of flaming (27)]
 31805 | Vaults:1 | 31805 ||| READING 6 scrolls of teleportation.
 31806 | Vaults:1 | 31806 ||| DRINKING 3 potions of heal wounds.
 31808 | Vaults:1 | 31808 ||| DRINKING 2 potions of heal wounds.
 31809 | Vaults:1 | Received a gift from Okawaru
 31810 | Vaults:1 | Reached skill level 18 in Shields
 32094 | Vaults:1 | 32094 ||| Stepping ~*~*~tactically~*~*~ (hiding).
 32115 | Vaults:1 | 32115 ||| Stepping ~*~*~tactically~*~*~ (hiding).
 32253 | Vaults:1 | 32253 ||| Stepping ~*~*~tactically~*~*~ (hiding).
 32255 | Vaults:1 | 32255 ||| Stepping ~*~*~tactically~*~*~ (hiding).
 32304 | Vaults:1 | Reached XP level 19. HP: 102/121 MP: 26/26
 32452 | Vaults:1 | 32452 ||| INVOKING Heroism.
 32465 | Vaults:1 | 32465 ||| INVOKING Finesse.
 32545 | Vaults:1 | 32545 ||| Stepping ~*~*~tactically~*~*~ (stealth).
 32731 | Vaults:1 | Reached skill level 15 in Fighting
 32826 | Vaults:1 | Identified the ring of Xauvaega {Wiz Dex+4}
 32828 | Vaults:1 | 32828 ||| Stepping ~*~*~tactically~*~*~ (hiding).
 32843 | Vaults:1 | 32843 ||| INVOKING Heroism.
 32863 | Vaults:1 | Received a gift from Okawaru
 32871 | Vaults:1 | 32871 ||| INVOKING Heroism.
 33244 | Vaults:1 | 33244 ||| INVOKING Heroism.
 33474 | Vaults:1 | 33474 ||| Stepping ~*~*~tactically~*~*~ (hiding).
 33475 | Vaults:1 | 33475 ||| Stepping ~*~*~tactically~*~*~ (hiding).
 33517 | Vaults:1 | 33517 ||| Stepping ~*~*~tactically~*~*~ (stealth).
 33524 | Vaults:1 | 33524 ||| Stepping ~*~*~tactically~*~*~ (hiding).
 33537 | Vaults:1 | 33537 ||| INVOKING Heroism.
 33553 | Vaults:1 | Reached skill level 9 in Throwing
 33816 | Vaults:1 | Found a portal to a secret trove of treasure.
 33817 | Vaults:1 | 33817 ||| UPGRADING to +1 pair of gloves of strength.
 33827 | Vaults:1 | 33827 ||| DROPPING +2 pair of gloves.
 33828 | Vaults:1 | 33828 ||| DROPPING amulet of faith.
 33929 | Vaults:2 | 33929 ||| Stepping ~*~*~tactically~*~*~ (hiding).
 33930 | Vaults:2 | 33930 ||| STAIRDANCE
 34038 | Vaults:2 | 34038 ||| STAIRDANCE
 34044 | Vaults:2 | 34044 ||| STAIRDANCE
 34046 | Vaults:1 | 34046 ||| INVOKING Heroism.
 34047 | Vaults:1 | 34047 ||| INVOKING Finesse.
 34084 | Vaults:2 | 34084 ||| STAIRDANCE
 34094 | Vaults:2 | 34094 ||| STAIRDANCE
 34096 | Vaults:1 | 34096 ||| INVOKING Heroism.
 34097 | Vaults:1 | 34097 ||| INVOKING Finesse.
 34145 | Vaults:2 | 34145 ||| Stepping ~*~*~tactically~*~*~ (stealth).
 34146 | Vaults:2 | 34146 ||| Stepping ~*~*~tactically~*~*~ (stealth).
 34151 | Vaults:2 | 34151 ||| Stepping ~*~*~tactically~*~*~ (stealth).
 34152 | Vaults:2 | 34152 ||| Stepping ~*~*~tactically~*~*~ (stealth).
 34155 | Vaults:2 | 34155 ||| INVOKING Heroism.
 34156 | Vaults:2 | 34156 ||| INVOKING Finesse.
 34218 | Vaults:2 | Received a gift from Okawaru
 34282 | Vaults:2 | 34282 ||| INVOKING Heroism.
 34393 | Vaults:2 | 34393 ||| Stepping ~*~*~tactically~*~*~ (hiding).
 34395 | Vaults:2 | 34395 ||| Stepping ~*~*~tactically~*~*~ (hiding).
 34399 | Vaults:2 | 34399 ||| INVOKING Heroism.
 34409 | Vaults:2 | Identified the +0 robe of Lirghon {rN+} (Okawaru gifted it
                  | to you on level 2 of the Vaults)
 34409 | Vaults:2 | Received a gift from Okawaru
 34528 | Vaults:2 | 34528 ||| Stepping ~*~*~tactically~*~*~ (hiding).
 34530 | Vaults:2 | 34530 ||| Stepping ~*~*~tactically~*~*~ (hiding).
 34538 | Vaults:2 | 34538 ||| INVOKING Heroism.
 34582 | Vaults:2 | 34582 ||| Stepping ~*~*~tactically~*~*~ (stealth).
 34688 | Vaults:2 | 34688 ||| Stepping ~*~*~tactically~*~*~ (stealth).
 34690 | Vaults:2 | 34690 ||| Stepping ~*~*~tactically~*~*~ (hiding).
 34694 | Vaults:2 | 34694 ||| INVOKING Heroism.
 34872 | Vaults:2 | 34872 ||| Stepping ~*~*~tactically~*~*~ (stealth).
 35073 | Vaults:2 | 35073 ||| Stepping ~*~*~tactically~*~*~ (hiding).
 35076 | Vaults:2 | 35076 ||| Stepping ~*~*~tactically~*~*~ (hiding).
 35077 | Vaults:2 | 35077 ||| FLEEEEING.
 35078 | Vaults:2 | 35078 ||| Stepping ~*~*~tactically~*~*~ (hiding).
 35079 | Vaults:2 | 35079 ||| FLEEEEING.
 35080 | Vaults:2 | 35080 ||| FLEEEEING.
 35081 | Vaults:2 | 35081 ||| FLEEEEING.
 35082 | Vaults:2 | 35082 ||| FLEEEEING.
 35083 | Vaults:2 | 35083 ||| FLEEEEING.
 35084 | Vaults:2 | 35084 ||| FLEEEEING.
 35085 | Vaults:2 | 35085 ||| FLEEEEING.
 35086 | Vaults:2 | 35086 ||| FLEEEEING.
 35087 | Vaults:2 | 35087 ||| FLEEEEING.
 35088 | Vaults:2 | 35088 ||| FLEEEEING.
 35093 | Vaults:2 | 35093 ||| FLEEEEING.
 35094 | Vaults:2 | 35094 ||| FLEEEEING.
 35095 | Vaults:2 | 35095 ||| FLEEEEING.
 35096 | Vaults:2 | 35096 ||| FLEEEEING.
 35097 | Vaults:2 | 35097 ||| FLEEEEING.
 35098 | Vaults:2 | 35098 ||| FLEEEEING.
 35099 | Vaults:2 | 35099 ||| FLEEEEING.
 35100 | Vaults:2 | 35100 ||| FLEEEEING.
 35101 | Vaults:2 | 35101 ||| FLEEEEING.
 35102 | Vaults:2 | 35102 ||| FLEEEEING.
 35103 | Vaults:2 | 35103 ||| FLEEEEING.
 35109 | Vaults:2 | 35109 ||| FLEEEEING.
 35110 | Vaults:2 | 35110 ||| FLEEEEING.
 35111 | Vaults:2 | 35111 ||| FLEEEEING.
 35112 | Vaults:2 | 35112 ||| FLEEEEING.
 35113 | Vaults:2 | 35113 ||| FLEEEEING.
 35114 | Vaults:2 | 35114 ||| FLEEEEING.
 35115 | Vaults:2 | 35115 ||| FLEEEEING.
 35116 | Vaults:2 | 35116 ||| FLEEEEING.
 35117 | Vaults:2 | 35117 ||| FLEEEEING.
 35123 | Vaults:2 | 35123 ||| FLEEEEING.
 35124 | Vaults:2 | 35124 ||| FLEEEEING.
 35125 | Vaults:2 | 35125 ||| FLEEEEING.
 35126 | Vaults:2 | 35126 ||| FLEEEEING.
 35138 | Vaults:2 | 35138 ||| FLEEEEING.
 35140 | Vaults:2 | 35140 ||| FLEEEEING.
 35141 | Vaults:2 | 35141 ||| FLEEEEING.
 35143 | Vaults:2 | 35143 ||| FLEEEEING.
 35145 | Vaults:2 | 35145 ||| FLEEEEING.
 35146 | Vaults:2 | 35146 ||| FLEEEEING.
 35148 | Vaults:2 | 35148 ||| FLEEEEING.
 35149 | Vaults:2 | 35149 ||| FLEEEEING.
 35151 | Vaults:2 | 35151 ||| FLEEEEING.
 35153 | Vaults:2 | 35153 ||| FLEEEEING.
 35154 | Vaults:2 | 35154 ||| FLEEEEING.
 35155 | Vaults:2 | 35155 ||| FLEEEEING.
 35156 | Vaults:2 | 35156 ||| FLEEEEING.
 35157 | Vaults:2 | 35157 ||| FLEEEEING.
 35158 | Vaults:2 | 35158 ||| FLEEEEING.
 35159 | Vaults:2 | 35159 ||| FLEEEEING.
 35167 | Vaults:2 | 35167 ||| Stepping ~*~*~tactically~*~*~ (hiding).
 35168 | Vaults:2 | 35168 ||| Stepping ~*~*~tactically~*~*~ (hiding).
 35170 | Vaults:2 | 35170 ||| Stepping ~*~*~tactically~*~*~ (hiding).
 35171 | Vaults:2 | 35171 ||| Stepping ~*~*~tactically~*~*~ (hiding).
 35172 | Vaults:2 | 35172 ||| Stepping ~*~*~tactically~*~*~ (hiding).
 35173 | Vaults:2 | 35173 ||| Stepping ~*~*~tactically~*~*~ (hiding).
 35174 | Vaults:2 | 35174 ||| Stepping ~*~*~tactically~*~*~ (hiding).
 35175 | Vaults:2 | 35175 ||| Stepping ~*~*~tactically~*~*~ (hiding).
 35179 | Vaults:2 | 35179 ||| Stepping ~*~*~tactically~*~*~ (hiding).
 35180 | Vaults:2 | 35180 ||| Stepping ~*~*~tactically~*~*~ (hiding).
 35191 | Vaults:2 | 35191 ||| Stepping ~*~*~tactically~*~*~ (hiding).
 35195 | Vaults:2 | 35195 ||| INVOKING Heroism.
 35197 | Vaults:2 | 35197 ||| Stepping ~*~*~tactically~*~*~ (hiding).
 35201 | Vaults:2 | 35201 ||| Stepping ~*~*~tactically~*~*~ (hiding).
 35363 | Vaults:2 | 35363 ||| Stepping ~*~*~tactically~*~*~ (hiding).
 35365 | Vaults:2 | 35365 ||| Stepping ~*~*~tactically~*~*~ (stealth).
 35382 | Vaults:2 | 35382 ||| INVOKING Heroism.
 35403 | Vaults:2 | Identified the +2 cloak "Omah" {Str+2}
 35606 | Vaults:2 | 35606 ||| Stepping ~*~*~tactically~*~*~ (hiding).
 35611 | Vaults:2 | 35611 ||| INVOKING Heroism.
 35642 | Vaults:2 | Reached skill level 19 in Shields
 35858 | Vaults:2 | 35858 ||| Stepping ~*~*~tactically~*~*~ (hiding).
 35890 | Vaults:2 | 35890 ||| INVOKING Heroism.
 35896 | Vaults:2 | Reached XP level 20. HP: 123/131 MP: 24/27
 35907 | Vaults:2 | 35907 ||| Stepping ~*~*~tactically~*~*~ (stealth).
 36002 | Vaults:2 | 36002 ||| INVOKING Heroism.
 36003 | Vaults:2 | 36003 ||| INVOKING Finesse.
 36076 | Vaults:2 | Identified the +5 ring mail of the Learner {Fly rElec rCorr
                  | Stlth+}
 36081 | Vaults:2 | 36081 ||| DROPPING +0 pair of gloves of dexterity.
 36082 | Vaults:2 | 36082 ||| UPGRADING to +2 cloak "Omah" {Str+2}.
 36092 | Vaults:2 | 36092 ||| DROPPING +0 cloak.
 36128 | Vaults:3 | 36128 ||| STAIRDANCE
 36154 | Vaults:3 | 36154 ||| STAIRDANCE
 36157 | Vaults:2 | 36157 ||| INVOKING Heroism.
 36203 | Vaults:3 | 36203 ||| INVOKING Heroism.
 36222 | Vaults:3 | Reached skill level 18 in Armour
 36303 | Vaults:3 | 36303 ||| INVOKING Heroism.
 36317 | Vaults:3 | 36317 ||| Stepping ~*~*~tactically~*~*~ (hiding).
 36557 | Vaults:3 | Found a staircase to the Crypt.
 36559 | Vaults:3 | 36559 ||| INVOKING Heroism.
 36741 | Vaults:3 | 36741 ||| INVOKING Heroism.
 36742 | Vaults:3 | Received a gift from Okawaru
 36750 | Vaults:3 | 36750 ||| Stepping ~*~*~tactically~*~*~ (hiding).
 36762 | Vaults:3 | Received a gift from Okawaru
 36816 | Vaults:3 | 36816 ||| INVOKING Heroism.
 36946 | Vaults:3 | 36946 ||| DROPPING +2 broad axe of flaming.
 36958 | Vaults:3 | 36958 ||| READING scroll of enchant armour.
 36958 | Vaults:3 | 36958 ||| ENCHANTING +1 pair of gloves of strength.
 37099 | Vaults:3 | 37099 ||| Stepping ~*~*~tactically~*~*~ (hiding).
 37103 | Vaults:3 | 37103 ||| Stepping ~*~*~tactically~*~*~ (stealth).
 37111 | Vaults:3 | 37111 ||| Stepping ~*~*~tactically~*~*~ (hiding).
 37117 | Vaults:3 | 37117 ||| INVOKING Heroism.
 37190 | Vaults:3 | 37190 ||| Stepping ~*~*~tactically~*~*~ (hiding).
 37191 | Vaults:3 | 37191 ||| Stepping ~*~*~tactically~*~*~ (hiding).
 37220 | Vaults:3 | 37220 ||| Stepping ~*~*~tactically~*~*~ (stealth).
 37221 | Vaults:3 | 37221 ||| Stepping ~*~*~tactically~*~*~ (stealth).
 37277 | Vaults:3 | 37277 ||| INVOKING Heroism.
 37401 | Vaults:3 | Identified the ring "Yzxonez" {*Slow rPois rN++}
 37571 | Vaults:3 | 37571 ||| INVOKING Heroism.
 37689 | Vaults:3 | 37689 ||| FLEEEEING.
 37690 | Vaults:3 | 37690 ||| FLEEEEING.
 37691 | Vaults:3 | 37691 ||| FLEEEEING.
 37692 | Vaults:3 | 37692 ||| FLEEEEING.
 37693 | Vaults:3 | 37693 ||| FLEEEEING.
 37694 | Vaults:3 | 37694 ||| FLEEEEING.
 37695 | Vaults:3 | 37695 ||| FLEEEEING.
 37696 | Vaults:3 | 37696 ||| FLEEEEING.
 37697 | Vaults:3 | 37697 ||| FLEEEEING.
 37698 | Vaults:3 | 37698 ||| FLEEEEING.
 37699 | Vaults:3 | 37699 ||| FLEEEEING.
 37700 | Vaults:3 | 37700 ||| FLEEEEING.
 37701 | Vaults:3 | 37701 ||| FLEEEEING.
 37702 | Vaults:3 | 37702 ||| FLEEEEING.
 37703 | Vaults:3 | 37703 ||| FLEEEEING.
 37704 | Vaults:3 | 37704 ||| FLEEEEING.
 37705 | Vaults:3 | 37705 ||| FLEEEEING.
 37706 | Vaults:3 | 37706 ||| FLEEEEING.
 37708 | Vaults:3 | 37708 ||| FLEEEEING.
 37709 | Vaults:3 | 37709 ||| FLEEEEING.
 37710 | Vaults:3 | 37710 ||| FLEEEEING.
 37711 | Vaults:3 | 37711 ||| FLEEEEING.
 37712 | Vaults:3 | 37712 ||| FLEEEEING.
 37713 | Vaults:3 | 37713 ||| FLEEEEING.
 37714 | Vaults:3 | 37714 ||| FLEEEEING.
 37715 | Vaults:3 | 37715 ||| FLEEEEING.
 37716 | Vaults:3 | 37716 ||| FLEEEEING.
 37717 | Vaults:3 | 37717 ||| FLEEEEING.
 37718 | Vaults:3 | 37718 ||| INVOKING Heroism.
 37726 | Vaults:3 | Received a gift from Okawaru
 37978 | Vaults:3 | 37978 ||| FLEEEEING.
 37979 | Vaults:3 | 37979 ||| FLEEEEING.
 37980 | Vaults:3 | 37980 ||| FLEEEEING.
 37981 | Vaults:3 | 37981 ||| FLEEEEING.
 37983 | Vaults:3 | 37983 ||| FLEEEEING.
 37984 | Vaults:3 | 37984 ||| FLEEEEING.
 37986 | Vaults:3 | 37986 ||| FLEEEEING.
 37987 | Vaults:3 | 37987 ||| FLEEEEING.
 37988 | Vaults:3 | 37988 ||| FLEEEEING.
 37989 | Vaults:3 | 37989 ||| FLEEEEING.
 37990 | Vaults:3 | 37990 ||| FLEEEEING.
 37991 | Vaults:3 | 37991 ||| FLEEEEING.
 37992 | Vaults:3 | 37992 ||| FLEEEEING.
 37993 | Vaults:3 | 37993 ||| FLEEEEING.
 37994 | Vaults:3 | 37994 ||| FLEEEEING.
 37995 | Vaults:3 | 37995 ||| FLEEEEING.
 37996 | Vaults:3 | 37996 ||| FLEEEEING.
 37997 | Vaults:3 | 37997 ||| FLEEEEING.
 37998 | Vaults:3 | 37998 ||| FLEEEEING.
 37999 | Vaults:3 | 37999 ||| FLEEEEING.
 38000 | Vaults:3 | 38000 ||| FLEEEEING.
 38001 | Vaults:3 | 38001 ||| FLEEEEING.
 38002 | Vaults:3 | 38002 ||| FLEEEEING.
 38003 | Vaults:3 | 38003 ||| FLEEEEING.
 38004 | Vaults:3 | 38004 ||| FLEEEEING.
 38005 | Vaults:3 | 38005 ||| FLEEEEING.
 38006 | Vaults:3 | 38006 ||| FLEEEEING.
 38012 | Vaults:3 | 38012 ||| FLEEEEING.
 38013 | Vaults:3 | 38013 ||| FLEEEEING.
 38014 | Vaults:3 | 38014 ||| FLEEEEING.
 38015 | Vaults:3 | 38015 ||| FLEEEEING.
 38016 | Vaults:3 | 38016 ||| FLEEEEING.
 38017 | Vaults:3 | 38017 ||| FLEEEEING.
 38018 | Vaults:3 | 38018 ||| FLEEEEING.
 38019 | Vaults:3 | 38019 ||| FLEEEEING.
 38020 | Vaults:3 | 38020 ||| FLEEEEING.
 38021 | Vaults:3 | 38021 ||| FLEEEEING.
 38022 | Vaults:3 | 38022 ||| FLEEEEING.
 38023 | Vaults:3 | 38023 ||| FLEEEEING.
 38024 | Vaults:3 | 38024 ||| FLEEEEING.
 38025 | Vaults:3 | 38025 ||| FLEEEEING.
 38026 | Vaults:3 | 38026 ||| FLEEEEING.
 38027 | Vaults:3 | 38027 ||| FLEEEEING.
 38028 | Vaults:3 | 38028 ||| FLEEEEING.
 38413 | Vaults:3 | 38413 ||| DROPPING ring "Yzxonez" {*Slow rPois rN++}.
 38445 | Vaults:4 | 38445 ||| STAIRDANCE
 38526 | Vaults:4 | Received a gift from Okawaru
 38541 | Vaults:4 | 38541 ||| Stepping ~*~*~tactically~*~*~ (hiding).
 38542 | Vaults:4 | 38542 ||| Stepping ~*~*~tactically~*~*~ (hiding).
 38650 | Vaults:4 | 38650 ||| INVOKING Heroism.
 38659 | Vaults:4 | Received a gift from Okawaru
 38664 | Vaults:4 | Reached skill level 18 in Fighting
 38841 | Vaults:4 | 38841 ||| Stepping ~*~*~tactically~*~*~ (stealth).
 38848 | Vaults:4 | 38848 ||| Stepping ~*~*~tactically~*~*~ (hiding).
 38852 | Vaults:4 | 38852 ||| INVOKING Heroism.
 38866 | Vaults:4 | Reached XP level 21. HP: 130/141 MP: 28/28
 38866 | Vaults:4 | 38866 ||| Stepping ~*~*~tactically~*~*~ (hiding).
 39044 | Vaults:4 | 39044 ||| Stepping ~*~*~tactically~*~*~ (stealth).
 39046 | Vaults:4 | 39046 ||| INVOKING Heroism.
 39087 | Vaults:4 | 39087 ||| INVOKING Heroism.
 39193 | Vaults:4 | Identified the +7 falchion "Yfac" {vorpal, rPois rC+ Str+4
                  | Int+3}
 39321 | Vaults:4 | Noticed a golden dragon
 39324 | Vaults:4 | Noticed Getoffmy's ghost (veteran GrFi)
 39332 | Vaults:4 | Found a transporter.
 39335 | Vaults:4 | Found a transporter.
 39613 | Vaults:4 | 39613 ||| Stepping ~*~*~tactically~*~*~ (hiding).
 39938 | Vaults:4 | 39938 ||| PLANNING SNAKE:4
 39938 | Vaults:4 | 39938 ||| DROPPING ring of magical power.
 39939 | Vaults:4 | 39939 ||| DROPPING ring of willpower.
 40394 | Snake:4  | Entered Level 4 of the Snake Pit
 40396 | Snake:4  | 40396 ||| INVOKING Heroism.
 40690 | Snake:4  | 40690 ||| Stepping ~*~*~tactically~*~*~ (hiding).
 40692 | Snake:4  | 40692 ||| Stepping ~*~*~tactically~*~*~ (stealth).
 40699 | Snake:4  | 40699 ||| INVOKING Heroism.
 40718 | Snake:4  | Reached skill level 20 in Shields
 40831 | Snake:4  | Identified the +9 flail of Starshine {pain, *Noise Str+2
                  | Stlth+}
 40852 | Snake:4  | 40852 ||| INVOKING Heroism.
 40892 | Snake:4  | 40892 ||| INVOKING Heroism.
 40901 | Snake:4  | Received a gift from Okawaru
 41038 | Snake:4  | 41038 ||| INVOKING Heroism.
 41056 | Snake:4  | 41056 ||| INVOKING Heroism.
 41056 | Snake:4  | HP: 30/142 [nagaraja/+0 halberd (23)]
 41057 | Snake:4  | 41057 ||| DRINKING potion of heal wounds.
 41057 | Snake:4  | HP: 13/142 [naga warrior/+0 glaive (36)]
 41058 | Snake:4  | HP: 2/142 [naga sharpshooter/bolt (11)]
 41059 | Snake:4  | Received a gift from Okawaru
 41059 | Snake:4  | Killed from afar by a salamander mystic

Levels and vault maps discovered:
D:1:      dpeg_arrival_connections, layout_rooms,
          dreamdust_ecumenical_altar_statues, serial_bayou_crossing
D:2:      layout_basic, minmay_close_crescents
D:3:      layout_rooms, tgw_kikubaaqudgha, minmay_door_square,
          uniq_crazy_yiuf_cottage
D:4:      layout_basic, lemuel_tele_altar, serial_shops,
          nicolae_take_the_stairs, uniq_sigmund
D:5:      layout_cave_pods, nicolae_overflow_hallway_of_the_gods,
          mainiacjoe_overflow_catwalk, serial_column_ruins,
          column_ruins_open_small, column_ruins_open_tiny,
          column_ruins_open_small, column_ruins_open_tiny,
          minmay_fractal_squares_diagonal_5, uniq_pikel
D:6:      layout_cave_pools, mainiacjoe_overflow_alcove_1,
          minmay_temple_entry_sparse_star, kennysheep_potato, uniq_eustachio
D:7:      layout_basic, enter_bailey_5, uniq_maggie
D:8:      layout_basic, nicolae_gozag_seed_capital,
          nicolae_ru_sacrificial_ziggurat, david_lair_shrubbed,
          nicolae_lava_and_water, uniq_erica, uniq_maurice, uniq_grum
D:9:      layout_long_grid, ebering_dispersal_statue_hall,
          kennysheep_island_fort
D:10:     lemuel_ogre_cave, layout_cave_pools, orc_david_3,
          gammafunk_ghost_ooze, nicolae_alphabet_shops,
          nicolae_underground_beach
D:11:     minmay_the_grid_triangle_9x9_recursive_2
          [minmay_the_grid_triangle_9x9_prize_insulated,
          minmay_the_grid_triangle_9x9_skeleton,
          minmay_the_grid_triangle_9x9_thin_v,
          minmay_the_grid_triangle_9x9_checkered], layout_rooms, serial_ice,
          serial_ice_l, serial_ice_d, serial_ice_m, serial_ice_h,
          portal_ice_cave_entry_animals_and_master
D:12:     layout_basic, serial_shops, nicolae_shop_hallway_stairs,
          lightli_elemental_guards
D:13:     minmay_mutant_horseshoe, layout_small_grid, uniq_nessos, uniq_urug
D:14:     layout_stronghold, erik_vaults_1, gammafunk_ghost_berserking_beasts,
          serial_shops, kennysheep_mini, shop, shop, shop, shop_statue,
          gauntlet_entry_generic, kennysheep_another_room
D:15:     hangedman_depths_entry_try_elsewhere_first, layout_basic,
          minmay_misc_feat_alley, uniq_rupert
Temple:   hellmonk_temple_two_chambers
Lair:1:   layout_roguey [special_room_bee]
Lair:2:   layout_long_grid, guppyfry_snake_entry_garden, serial_bayou,
          serial_bayou_lake_a, serial_bayou_shore_b, serial_bayou_lagoon_b,
          serial_bayou_ford_a, serial_bayou_shore_a,
          ebering_ghost_disaster_area, st_stairs_6, uniq_nergalle, uniq_sonja
Lair:3:   beast_lair_carwin_large_1, layout_cave_pods,
          nicolae_swamp_entry_splash_gauntlet, lemuel_fruit_fields,
          grunt_megastairs_3, infiniplex_staircase_pool_2, serial_bayou_shore_b
Lair:4:   layout_cave_pods, grunt_megastairs_4, uniq_josephine
Lair:5:   hangedman_lair_in_review, layout_loops_ring,
          dpeg_slime_entry_enclosed, serial_bayou_pond_a,
          nzn_masters_of_martial_movement
Swamp:1:  nicolae_swamp_tree_isthmus, layout_basic_swamp,
          nicolae_swamp_small_spring, infiniplex_staircase_pool
Swamp:2:  layout_falls_marsh, evilmike_swamp_ruin_house_1, swamp_pool4
Swamp:3:  layout_basic_swamp, evilmike_swamp_ruin_rubble_1
Swamp:4:  swamp_old_school, layout_basic_swamp, hangedman_swamp_diagram,
          swamp_pool3, nicolae_swamp_tree_designs, uniq_roxanne, uniq_kirke
Snake:1:  layout_rooms, serial_shops, shop, lemuel_fruit_tree, uniq_frances,
          uniq_aizul
Snake:2:  nicolae_snake_attic_fulla_snakes, layout_onion,
          nicolae_snake_horde_hoard
Snake:3:  layout_misc_corridors, uniq_saint_roka, uniq_mlioglotl, uniq_jorgrun
Snake:4:  snake_pit, layout_basic
Orc:1:    layout_diamond_mine
Orc:2:    st_orc_open, layout_caves, gammafunk_ghost_cemetery,
          nicolae_volcano_entry_two_sided, uniq_snorg
Vaults:1: hangedman_vaults_snaps, vaults_room_door_hall,
          ontoclasm_vaults_decontamination, st_greater_box_5,
          nicolae_vaults_big_ls, vaults_room_semicircle,
          hangedman_vaults_corner, ontoclasm_vaults_twist, v_rooms_3,
          ontoclasm_vaults_fault, grunt_vaults_funnel, vaults_dpeg_doors,
          vaults_room_stairs_pillars, layout_vaults_omnibox, enter_trove_6
Vaults:2: nicolae_vaults_what_the_h, v_alt_pattern_6, hangedman_vaults_impose,
          v_misc_29, v_alt_pattern_1, vaults_room_boxed,
          nicolae_vaults_network_quincunx
          [nicolae_vaults_network_quincunx_subvault,
          nicolae_vaults_network_quincunx_subvault,
          nicolae_vaults_network_quincunx_subvault,
          nicolae_vaults_network_quincunx_subvault,
          nicolae_vaults_network_quincunx_subvault],
          hangedman_vaults_restitches, v_misc_16, nicolae_vaults_statue_guard,
          layout_vaults_big_cross
Vaults:3: serial_ice_g, nicolae_vaults_arrows, v_pattern_5,
          vaults_room_hangedman_quadrants, ontoclasm_vaults_gateway,
          minmay_crypt_entry_simple_round, vaults_dpeg_spiral,
          nicolae_vaults_little_squares_4, v_misc_4, layout_vaults_quadrants
Vaults:4: gammafunk_ghost_arena, hangedman_vaults_stitches,
          ontoclasm_vaults_chip, v_rooms_4, st_check, grunt_vaults_hallway_long,
          v_misc_16, nicolae_vaults_network_quinsquares
          [nicolae_vaults_network_quincunx_subvault,
          nicolae_vaults_network_quincunx_subvault,
          nicolae_vaults_network_quincunx_subvault,
          nicolae_vaults_network_quincunx_subvault], v_misc_28, v_misc_18,
          layout_vaults_maze_bifur

Skill      XL: |  1  2  3  4  5  6  7  8  9 10 11 12 13 14 15 16 17 18 19 20 21 |
---------------+----------------------------------------------------------------+-----
Axes           | 2 3 4 5 7 9 10 11 12 14 15 16 17 18 | 18.0
Fighting       | 5 6 8 9 10 11 12 13 14 16 18 | 18.6
Dodging        | 1 2 3 4 |  4.0
Shields        | 4 9 10 11 12 13 14 18 19 20 | 20.0
Invocations    | 4 7 10 | 10.1
Armour         | 4 5 6 10 13 14 15 16 17 18 19 | 19.0
Throwing       | 2 3 5 6 8 9 10 | 10.0

Action                   |  1- 3 |  4- 6 |  7- 9 | 10-12 | 13-15 | 16-18 | 19-21 || total
-------------------------+-------+-------+-------+-------+-------+-------+-------++-------
Melee: War axe           |   112 |    23 |       |       |       |       |       ||   135
       Broad axe         |       |   114 |   183 |   562 |   799 |  1100 |  1051 ||  3809
       Peck              |       |       |       |       |   135 |   262 |   296 ||   693
       Flail             |       |       |       |       |    44 |       |       ||    44
Throw: Boomerang         |       |       |       |    48 |   136 |    45 |     7 ||   236
       Javelin           |       |       |       |       |    36 |    91 |    61 ||   188
Invok: Heroism           |       |       |     1 |    36 |    37 |    51 |    37 ||   162
       Finesse           |       |       |       |     1 |    15 |    11 |     5 ||    32
  Use: Scroll            |     2 |     6 |     9 |     5 |    14 |    10 |     1 ||    47
       Potion            |     2 |     1 |     2 |     2 |     2 |     5 |     1 ||    15
 Stab: Distracted        |       |       |       |       |       |     1 |       ||     1
       Invisible         |       |       |       |       |       |       |     2 ||     2
Armor: Scale mail        |    68 |   101 |    77 |   194 |   116 |       |       ||   556
       Gold dragon scale |       |       |       |       |   199 |   766 |   352 ||  1317
Dodge: Dodged            |    59 |    96 |    87 |   293 |   234 |   388 |   215 ||  1372
Block: Buckler           |    26 |    30 |    25 |     2 |       |       |       ||    83
       Kite shield       |       |       |       |   289 |   584 |   513 |       ||  1386
       Reflection        |       |       |       |       |    36 |    53 |    95 ||   184
       Tower shield      |       |       |       |       |       |   498 |  1019 ||  1517

Table legend:
 A = Non-vault XP
 B = Vault XP
 C = Vault XP percentage of total XP
 D = Non-vault monster count
 E = Vault monster count
 F = Vault count percentage of total count
                 A         B        C        D         E       F
            +---------+---------+-------+---------+---------+-------
      Total |  272393 |  265995 |  49.4 |     784 |     475 |  37.7
            +---------+---------+-------+---------+---------+-------
        D:1 |      30 |       0 |   0.0 |      17 |       0 |   0.0
        D:2 |      47 |      22 |  31.9 |      20 |       4 |  16.7
        D:3 |     171 |       0 |   0.0 |      16 |       0 |   0.0
        D:4 |     255 |     226 |  47.0 |      17 |       1 |   5.6
        D:5 |     227 |     739 |  76.5 |       7 |       8 |  53.3
        D:6 |     462 |     462 |  50.0 |      11 |       4 |  26.7
        D:7 |    1855 |     415 |  18.3 |      23 |       5 |  17.9
        D:8 |    1334 |    2248 |  62.8 |      27 |       7 |  20.6
        D:9 |     705 |    1042 |  59.6 |      10 |       3 |  23.1
       D:10 |    4547 |    2203 |  32.6 |      39 |      15 |  27.8
       D:11 |    3281 |   12097 |  78.7 |      10 |      29 |  74.4
       D:12 |    5197 |     792 |  13.2 |      17 |       1 |   5.6
       D:13 |    4765 |    3966 |  45.4 |      12 |       5 |  29.4
       D:14 |   16191 |    1654 |   9.3 |      30 |       2 |   6.2
       D:15 |   10251 |    4377 |  29.9 |      28 |       5 |  15.2
     Lair:1 |    2557 |    1731 |  40.4 |      12 |      24 |  66.7
     Lair:2 |    4019 |    1692 |  29.6 |      21 |       3 |  12.5
     Lair:3 |    3247 |    2901 |  47.2 |      15 |      14 |  48.3
     Lair:4 |    2389 |    1801 |  43.0 |      14 |       6 |  30.0
     Lair:5 |   12063 |   10335 |  46.1 |      34 |      22 |  39.3
    Swamp:1 |   13225 |       0 |   0.0 |      28 |       0 |   0.0
    Swamp:2 |    9072 |       0 |   0.0 |      16 |       0 |   0.0
    Swamp:3 |    9668 |       0 |   0.0 |      23 |       0 |   0.0
    Swamp:4 |   14017 |   19556 |  58.2 |      24 |      29 |  54.7
    Snake:1 |   10978 |    2642 |  19.4 |      22 |       2 |   8.3
    Snake:2 |   18734 |   13242 |  41.4 |      35 |      28 |  44.4
    Snake:3 |   13513 |    5208 |  27.8 |      26 |       6 |  18.8
    Snake:4 |   21340 |    4510 |  17.4 |      41 |       7 |  14.6
      Orc:1 |    6078 |   13439 |  68.9 |      52 |      31 |  37.3
      Orc:2 |    4073 |    2485 |  37.9 |      20 |       7 |  25.9
   Vaults:1 |   21345 |   52855 |  71.2 |      29 |      70 |  70.7
   Vaults:2 |   22542 |   33277 |  59.6 |      36 |      47 |  56.6
   Vaults:3 |   23278 |   40269 |  63.4 |      35 |      55 |  61.1
   Vaults:4 |   10937 |   29809 |  73.2 |      17 |      35 |  67.3
            +---------+---------+-------+---------+---------+-------
